 Dungeon Crawl Stone Soup version 0.29.0-4-gdea44cf6ec (webtiles) character file.

Game seed: 15733830099195356106

7408 qw the Grappler (level 10, 96/96 HPs)
             Began as a Troll Cinder Acolyte on Aug 30, 2022.
             Was an Initiate of Ignis.
             Quit the game on level 10 of the Dungeon.
             The game lasted 00:09:38 (8628 turns).

qw the Grappler (Troll Cinder Acolyte)              Turns: 8628, Time: 00:09:39

Health: 96/96      AC:  8    Str: 28    XL:     10   Next: 92%
Magic:  10/10      EV:  8    Int: 10    God:    Ignis [......]
Gold:   357        SH:  8    Dex:  5    Spells: 11/11 levels left

rFire   + . .      SeeInvis .     - Unarmed
rCold   . . .      Faith    .   m - +0 kite shield
rNeg    . . .      Spirit   +   n - +0 acid dragon scales
rPois   .          Reflect  .   (helmet restricted)
rElec   .          Harm     .   (no cloak)
rCorr   +          Rampage  .   (gloves unavailable)
Will    .....                   (boots unavailable)
Stlth   ..........              i - amulet of guardian spirit
HPRegen 1.06/turn               (no ring)
MPRegen 0.12/turn               (no ring)

@: no status effects
A: large, unfitting armour, claws 3, regeneration 1, shaggy fur 1, tough skin 1
a: Renounce Religion, Rising Flame


You were on level 10 of the Dungeon.
You worshipped Ignis.
Ignis was noncommittal.
You visited 1 branch of the dungeon, and saw 10 of its levels.

You collected 437 gold pieces.
You spent 80 gold pieces at shops.


Innate Abilities, Weirdness & Mutations

You are too large for most types of armour.
You have claws for hands.
Your natural rate of healing is unusually fast.
You are covered in fur. (AC +1)
You have tough skin. (AC +1)


   Skills:
 - Level 5.1 Fighting
 - Level 1.4 Throwing
 - Level 1.3 Armour
 - Level 1.1 Dodging
 - Level 9.0 Shields
 + Level 12.5 Unarmed Combat
 - Level 1.0 Spellcasting
 - Level 2.1 Fire Magic


You had 11 spell levels left.
You didn't know any spells.
Your spell library contained the following spells:

 Spells                   Type           Power      Damage    Failure   Level
 Scorch                   Fire           8%         2d5       45%         2

Inventory:

Missiles
 j - 8 boomerangs (quivered)
Armour
 m - a +0 kite shield (worn)
 n - +0 acid dragon scales (worn)
Jewellery
 i - an amulet of guardian spirit (around neck)
 o - an amulet of regeneration
Scrolls
 c - 3 scrolls of identify
Potions
 a - a potion of haste
 d - 3 potions of curing
 e - 4 potions of might
 g - 4 potions of heal wounds
 h - a potion of resistance
 k - 2 potions of mutation
 l - 3 potions of cancellation

Dungeon Overview and Level Annotations

Branches:
Dungeon (10/15)            Temple (0/1) D:4             Orc (0/2) D:9
   Lair: D:8-11

Altars:
Cheibriados
Dithmenos
Elyvilon
Hepliaklqana
Kikubaaqudgha
Okawaru
Qazlal
Trog
Vehumet
Xom

Shops:
D:2 ?   D:5 (

Annotations:
D:6 2 transporters, qw's ghost, novice TeWr


Message History

8596 ||| Stepping randomly (stuck).
8597 ||| Stepping randomly (stuck).
You see here a potion of degeneration.
8598 ||| Stepping randomly (stuck).
There is a stone staircase leading up here.
8599 ||| Stepping randomly (stuck).
8600 ||| Stepping randomly (stuck).
8601 ||| Stepping randomly (stuck).
There is a stone staircase leading up here.
8602 ||| Stepping randomly (stuck).
8603 ||| Stepping randomly (stuck).
You see here a potion of degeneration.
8604 ||| Stepping randomly (stuck).
8605 ||| Stepping randomly (stuck).
There is a stone staircase leading up here.
8606 ||| Stepping randomly (stuck).
8607 ||| Stepping randomly (stuck).
8608 ||| Stepping randomly (stuck).
8609 ||| Stepping randomly (stuck).
8610 ||| Stepping randomly (stuck).
8611 ||| Stepping randomly (stuck).
8612 ||| Stepping randomly (stuck).
8613 ||| Stepping randomly (stuck).
8614 ||| Stepping randomly (stuck).
8615 ||| Stepping randomly (stuck).
8616 ||| Stepping randomly (stuck).
8617 ||| Stepping randomly (stuck).
You see here a potion of degeneration.
8618 ||| Stepping randomly (stuck).
8619 ||| Stepping randomly (stuck).
8620 ||| Stepping randomly (stuck).
8621 ||| Stepping randomly (stuck).
8622 ||| Stepping randomly (stuck).
8623 ||| Stepping randomly (stuck).
8624 ||| Stepping randomly (stuck).
8625 ||| Stepping randomly (stuck).
8626 ||| Stepping randomly (stuck).
You see here a potion of degeneration.
8627 ||| Stepping randomly (stuck).
Are you sure you want to abandon this character and quit the game? (Confirm with "yes".)

+# #+## . #..#
###### ###@#####
####..... #.!.....#
##........
#.<.....###..##.....
#...........###.....
#.......##### #.....
#.......# #.....
#.......# #.....
#.......# #.....
####.#### ###.##


There were no monsters in sight!

Vanquished Creatures
  Erolcha (D:9)
  Harold (D:9)
  A two-headed ogre (D:9)
  Joseph (D:7)
  2 hornets
  2 polar bears (D:10)
  A wyvern (D:8)
  9 yaks
  2 steam dragons
  Menkaure (D:5)
  2 acid dragons (D:9)
  2 water moccasins (D:6)
  2 black bears
  An ice beast (D:5)
  2 orc warriors
  An ogre (D:3)
  3 centaurs (D:7)
  A kobold brigand (D:9)
  A bullfrog (D:8)
  A necrophage (D:5)
  8 wights (D:8)
  2 hounds
  2 jellies
  A gnoll bouda (D:7)
  4 orc priests
  7 iguanas
  5 orc wizards
  11 gnolls
  8 adders
  5 shadow imps
  A white imp (D:5)
  A worm (D:4)
  3 dart slugs
  21 orcs
  6 endoplasms
  4 giant cockroaches
  3 goblins
  10 hobgoblins
  3 jackals (D:1)
  5 quokkas
  5 ball pythons
  4 bats (D:1)
  2 frilled lizards
  14 kobolds
  8 rats
180 creatures vanquished.

Notes
Turn   | Place    | Note
-------+----------+-------------------------------------------
     0 | D:1      | qw the Troll Cinder Acolyte began the quest for the Orb.
     0 | D:1      | Reached XP level 1. HP: 22/22 MP: 1/1
     0 | D:1      | 0 ||| qw: Version: 0.1-a-95-gae9e614
     0 | D:1      | 0 ||| qw: Game counter: 4402
     0 | D:1      | 0 ||| qw: Always use a shield: true
     0 | D:1      | 0 ||| qw: God list: Okawaru
     0 | D:1      | 0 ||| qw: Allow faded altars: false
     0 | D:1      | 0 ||| qw: Do Orc after D:15 true
     0 | D:1      | 0 ||| qw: Do second Lair branch before Depths: true
     0 | D:1      | 0 ||| qw: Lair rune preference: random
     0 | D:1      | 0 ||| qw: Plans: Normal
     0 | D:1      | 0 ||| PLANNING D:1-11
    39 | D:1      | 39 ||| Stepping ~*~*~tactically~*~*~ (stealth).
    86 | D:1      | Reached XP level 2. HP: 29/29 MP: 2/2
   446 | D:1      | Reached skill level 4 in Unarmed Combat
   648 | D:1      | Found a faded altar of an unknown god.
   660 | D:1      | Reached XP level 3. HP: 36/36 MP: 3/3
   881 | D:1      | 881 ||| READING scroll labelled COYNWA DEMYOSM.
   882 | D:1      | 882 ||| READING scroll labelled ORALLA DIEDOU.
   883 | D:1      | 883 ||| READING scroll labelled WIXUMI WOLEITU.
   884 | D:1      | 884 ||| DRINKING 2 bubbling clear potions.
   906 | D:2      | Found Utaraav's Magic Scroll Shop.
   913 | D:2      | 913 ||| STAIRDANCE
   915 | D:1      | 915 ||| Stepping ~*~*~tactically~*~*~ (outnumbered).
   923 | D:2      | 923 ||| STAIRDANCE
  1056 | D:2      | 1056 ||| Stepping ~*~*~tactically~*~*~ (outnumbered).
  1090 | D:2      | Reached XP level 4. HP: 41/44 MP: 4/4
  1135 | D:2      | Reached skill level 5 in Unarmed Combat
  1135 | D:2      | 1135 ||| FLEEEEING.
  1276 | D:2      | 1276 ||| Stepping ~*~*~tactically~*~*~ (hiding).
  1399 | D:2      | 1399 ||| BUYING scroll of identify (20 gold).
  1399 | D:2      | Bought a scroll of identify for 20 gold pieces
  1399 | D:2      | 1399 ||| BUYING scroll of identify (20 gold).
  1399 | D:2      | Bought a scroll of identify for 20 gold pieces
  1399 | D:2      | 1399 ||| BUYING scroll of identify (20 gold).
  1399 | D:2      | Bought a scroll of identify for 20 gold pieces
  1399 | D:2      | 1399 ||| BUYING scroll of identify (20 gold).
  1399 | D:2      | Bought a scroll of identify for 20 gold pieces
  1399 | D:2      | 1399 ||| SHOPLISTING scroll of identify (20 gold, have 3).
  1421 | D:2      | 1421 ||| READING 3 scrolls labelled UMEEMA CETHRO.
  1424 | D:2      | 1424 ||| READING scroll labelled BAXTUENEOST.
  1425 | D:2      | 1425 ||| DRINKING 2 red potions.
  1426 | D:2      | 1426 ||| READING 5 scrolls of identify.
  1426 | D:2      | 1426 ||| IDENTIFYING inky potion
  1427 | D:2      | 1427 ||| READING 4 scrolls of identify.
  1427 | D:2      | 1427 ||| IDENTIFYING dark potion
  1452 | D:3      | 1452 ||| FLEEEEING.
  1454 | D:3      | 1454 ||| STAIRDANCE
  1490 | D:3      | 1490 ||| Stepping ~*~*~tactically~*~*~ (hiding).
  1503 | D:3      | 1503 ||| Stepping ~*~*~tactically~*~*~ (stealth).
  1504 | D:3      | 1504 ||| Stepping ~*~*~tactically~*~*~ (stealth).
  1514 | D:3      | 1514 ||| Stepping ~*~*~tactically~*~*~ (stealth).
  1517 | D:3      | 1517 ||| INVOKING Fiery Armour.
  1703 | D:3      | Reached XP level 5. HP: 47/50 MP: 5/5
  1798 | D:3      | Noticed an ogre
  1809 | D:3      | 1809 ||| INVOKING Fiery Armour.
  1813 | D:3      | Killed an ogre
  1814 | D:3      | Reached skill level 6 in Unarmed Combat
  2108 | D:3      | 2108 ||| UPGRADING to +0 troll leather armour.
  2118 | D:3      | 2118 ||| DROPPING +0 robe.
  2119 | D:3      | 2119 ||| READING scroll labelled ATIDIN ERPHOCH.
  2149 | D:4      | Found a staircase to the Ecumenical Temple.
  2253 | D:4      | Reached XP level 6. HP: 59/59 MP: 6/6
  2297 | D:4      | You fall into a shaft and drop 1 floor!
  2297 | D:5      | Entered Level 5 of the Dungeon
  2297 | D:5      | Found Aguirr's Weapon Shop.
  2313 | D:5      | Noticed an ice beast
  2335 | D:5      | Killed an ice beast
  2336 | D:5      | Reached skill level 7 in Unarmed Combat
  2600 | D:5      | Noticed Menkaure
  2608 | D:5      | Killed Menkaure
  2609 | D:5      | Reached skill level 8 in Unarmed Combat
  2609 | D:5      | Reached XP level 7. HP: 55/66 MP: 7/7
  2758 | D:4      | Reached skill level 3 in Fighting
  2763 | D:4      | 2763 ||| Stepping ~*~*~tactically~*~*~ (stealth).
  2842 | D:4      | Noticed a steam dragon
  2847 | D:4      | Killed a steam dragon
  3146 | D:4      | Found a snail-covered altar of Cheibriados.
  3151 | D:4      | Found a white marble altar of Elyvilon.
  3154 | D:4      | Found a radiant altar of Vehumet.
  3272 | D:4      | 3272 ||| INVOKING Fiery Armour.
  3284 | D:4      | 3284 ||| DRINKING 2 potions of curing.
  3284 | D:4      | 3284 ||| (to cure confusion)
  3287 | D:4      | Reached skill level 9 in Unarmed Combat
  3332 | D:4      | Found a stormy altar of Qazlal.
  3466 | D:4      | 3466 ||| READING 8 scrolls of identify.
  3466 | D:4      | 3466 ||| IDENTIFYING viscous white potion
  3467 | D:4      | 3467 ||| READING 7 scrolls of identify.
  3467 | D:4      | 3467 ||| IDENTIFYING purple potion
  3468 | D:4      | 3468 ||| DROPPING potion of degeneration.
  3631 | D:5      | Reached skill level 1 in Throwing
  3656 | D:5      | 3656 ||| INVOKING Fiery Armour.
  3727 | D:5      | 3727 ||| Stepping ~*~*~tactically~*~*~ (hiding).
  4078 | D:5      | 4078 ||| UPGRADING to amulet of guardian spirit.
  4083 | D:5      | 4083 ||| READING 2 scrolls labelled WASETO XODOL.
  4084 | D:5      | 4084 ||| READING 6 scrolls of identify.
  4084 | D:5      | 4084 ||| IDENTIFYING amethyst potion
  4085 | D:5      | 4085 ||| DROPPING scroll of noise.
  4173 | D:6      | 4173 ||| Stepping ~*~*~tactically~*~*~ (outnumbered).
  4174 | D:6      | 4174 ||| Stepping ~*~*~tactically~*~*~ (outnumbered).
  4180 | D:6      | 4180 ||| Stepping ~*~*~tactically~*~*~ (outnumbered).
  4181 | D:6      | 4181 ||| INVOKING Fiery Armour.
  4182 | D:6      | Reached XP level 8. HP: 32/75 MP: 3/8
  4191 | D:6      | Reached skill level 10 in Unarmed Combat
  4254 | D:6      | Found a transporter.
  4257 | D:6      | Noticed qw's ghost (novice TeWr)
  4260 | D:6      | Found a transporter.
  4267 | D:6      | Reached skill level 1 in Dodging
  4424 | D:6      | Reached skill level 1 in Armour
  4536 | D:6      | 4536 ||| READING 5 scrolls of identify.
  4536 | D:6      | 4536 ||| IDENTIFYING lumpy silvery potion
  4537 | D:6      | 4537 ||| READING 4 scrolls of identify.
  4537 | D:6      | 4537 ||| IDENTIFYING pink potion
  4538 | D:6      | 4538 ||| DROPPING potion of flight.
  4615 | D:7      | Found an iron altar of Okawaru.
  4619 | D:7      | 4619 ||| FLEEEEING.
  4620 | D:7      | 4620 ||| FLEEEEING.
  4621 | D:7      | 4621 ||| FLEEEEING.
  4622 | D:7      | 4622 ||| INVOKING Fiery Armour.
  4637 | D:7      | 4637 ||| FLEEEEING.
  4638 | D:7      | 4638 ||| FLEEEEING.
  4639 | D:7      | 4639 ||| FLEEEEING.
  4640 | D:7      | 4640 ||| FLEEEEING.
  4641 | D:7      | 4641 ||| FLEEEEING.
  4647 | D:7      | 4647 ||| FLEEEEING.
  4648 | D:7      | 4648 ||| FLEEEEING.
  4719 | D:7      | 4719 ||| FLEEEEING.
  4720 | D:7      | 4720 ||| FLEEEEING.
  4721 | D:7      | 4721 ||| FLEEEEING.
  4722 | D:7      | 4722 ||| FLEEEEING.
  4723 | D:7      | 4723 ||| FLEEEEING.
  4724 | D:7      | 4724 ||| FLEEEEING.
  4725 | D:7      | 4725 ||| FLEEEEING.
  4726 | D:7      | 4726 ||| FLEEEEING.
  4727 | D:7      | 4727 ||| FLEEEEING.
  4728 | D:7      | 4728 ||| FLEEEEING.
  4729 | D:7      | 4729 ||| FLEEEEING.
  4730 | D:7      | 4730 ||| FLEEEEING.
  4780 | D:7      | 4780 ||| Stepping ~*~*~tactically~*~*~ (hiding).
  4793 | D:7      | 4793 ||| Stepping ~*~*~tactically~*~*~ (outnumbered).
  4794 | D:7      | 4794 ||| Stepping ~*~*~tactically~*~*~ (outnumbered).
  4795 | D:7      | 4795 ||| Stepping ~*~*~tactically~*~*~ (outnumbered).
  4854 | D:7      | 4854 ||| Stepping ~*~*~tactically~*~*~ (hiding).
  4861 | D:7      | 4861 ||| INVOKING Fiery Armour.
  4862 | D:7      | 4862 ||| FLEEEEING.
  4863 | D:7      | 4863 ||| FLEEEEING.
  4864 | D:7      | 4864 ||| FLEEEEING.
  4865 | D:7      | 4865 ||| FLEEEEING.
  4866 | D:7      | 4866 ||| FLEEEEING.
  4867 | D:7      | 4867 ||| Stepping ~*~*~tactically~*~*~ (hiding).
  4870 | D:7      | 4870 ||| Stepping ~*~*~tactically~*~*~ (hiding).
  4871 | D:7      | 4871 ||| Stepping ~*~*~tactically~*~*~ (hiding).
  4922 | D:7      | Noticed Joseph
  4923 | D:7      | 4923 ||| Stepping ~*~*~tactically~*~*~ (hiding).
  4931 | D:7      | Killed Joseph
  4932 | D:7      | Reached XP level 9. HP: 84/84 MP: 7/9
  5081 | D:7      | 5081 ||| INVOKING Fiery Armour.
  5085 | D:7      | 5085 ||| Stepping ~*~*~tactically~*~*~ (outnumbered).
  5088 | D:7      | Reached skill level 11 in Unarmed Combat
  5116 | D:7      | 5116 ||| Stepping ~*~*~tactically~*~*~ (hiding).
  5117 | D:7      | 5117 ||| Stepping ~*~*~tactically~*~*~ (hiding).
  5137 | D:7      | 5137 ||| Stepping ~*~*~tactically~*~*~ (stealth).
  5139 | D:7      | 5139 ||| Stepping ~*~*~tactically~*~*~ (hiding).
  5456 | D:8      | 5456 ||| INVOKING Fiery Armour.
  5535 | D:8      | 5535 ||| Stepping ~*~*~tactically~*~*~ (outnumbered).
  5536 | D:8      | 5536 ||| Stepping ~*~*~tactically~*~*~ (outnumbered).
  5635 | D:8      | 5635 ||| Stepping ~*~*~tactically~*~*~ (stealth).
  5642 | D:8      | Reached skill level 12 in Unarmed Combat
  5644 | D:8      | 5644 ||| Stepping ~*~*~tactically~*~*~ (stealth).
  5725 | D:8      | 5725 ||| Stepping ~*~*~tactically~*~*~ (stealth).
  5726 | D:8      | 5726 ||| Stepping ~*~*~tactically~*~*~ (stealth).
  5737 | D:8      | 5737 ||| Stepping ~*~*~tactically~*~*~ (outnumbered).
  5738 | D:8      | 5738 ||| Stepping ~*~*~tactically~*~*~ (outnumbered).
  6153 | D:8      | 6153 ||| UPGRADING to +0 kite shield.
  6158 | D:8      | 6158 ||| READING scroll labelled GULAURCHEHO.
  6159 | D:8      | 6159 ||| READING 4 scrolls of identify.
  6159 | D:8      | 6159 ||| IDENTIFYING sapphire potion
  6160 | D:8      | 6160 ||| READING 3 scrolls of identify.
  6160 | D:8      | 6160 ||| IDENTIFYING fizzy grey potion
  6161 | D:8      | 6161 ||| DROPPING potion of lignification.
  6162 | D:8      | 6162 ||| DROPPING potion of magic.
  6193 | D:9      | Found an ancient bone altar of Kikubaaqudgha.
  6211 | D:9      | 6211 ||| Stepping ~*~*~tactically~*~*~ (outnumbered).
  6213 | D:9      | 6213 ||| Stepping ~*~*~tactically~*~*~ (stealth).
  6215 | D:9      | 6215 ||| Stepping ~*~*~tactically~*~*~ (outnumbered).
  6216 | D:9      | 6216 ||| Stepping ~*~*~tactically~*~*~ (outnumbered).
  6217 | D:9      | 6217 ||| INVOKING Fiery Armour.
  6218 | D:9      | 6218 ||| Stepping ~*~*~tactically~*~*~ (outnumbered).
  6223 | D:9      | 6223 ||| Stepping ~*~*~tactically~*~*~ (outnumbered).
  6224 | D:9      | 6224 ||| STAIRDANCE
  6226 | D:8      | 6226 ||| Stepping ~*~*~tactically~*~*~ (outnumbered).
  6227 | D:8      | 6227 ||| Stepping ~*~*~tactically~*~*~ (outnumbered).
  6231 | D:8      | Reached skill level 3 in Shields
  6234 | D:8      | Reached XP level 10. HP: 95/96 MP: 7/10
  6262 | D:9      | 6262 ||| STAIRDANCE
  6332 | D:9      | Noticed Erolcha
  6333 | D:9      | 6333 ||| Stepping ~*~*~tactically~*~*~ (stealth).
  6335 | D:9      | 6335 ||| Stepping ~*~*~tactically~*~*~ (hiding).
  6339 | D:9      | 6339 ||| INVOKING Fiery Armour.
  6344 | D:9      | Killed Erolcha
  6350 | D:9      | 6350 ||| FLEEEEING.
  6351 | D:9      | 6351 ||| FLEEEEING.
  6352 | D:9      | 6352 ||| FLEEEEING.
  6353 | D:9      | 6353 ||| FLEEEEING.
  6354 | D:9      | 6354 ||| FLEEEEING.
  6355 | D:9      | 6355 ||| FLEEEEING.
  6356 | D:9      | 6356 ||| FLEEEEING.
  6357 | D:9      | 6357 ||| FLEEEEING.
  6358 | D:9      | 6358 ||| FLEEEEING.
  6361 | D:9      | 6361 ||| Stepping ~*~*~tactically~*~*~ (outnumbered).
  6424 | D:9      | Reached skill level 6 in Shields
  6598 | D:9      | 6598 ||| Stepping ~*~*~tactically~*~*~ (outnumbered).
  6599 | D:9      | 6599 ||| Stepping ~*~*~tactically~*~*~ (outnumbered).
  6600 | D:9      | 6600 ||| Stepping ~*~*~tactically~*~*~ (outnumbered).
  6601 | D:9      | 6601 ||| Stepping ~*~*~tactically~*~*~ (outnumbered).
  6617 | D:9      | Found a staircase to the Orcish Mines.
  6622 | D:9      | 6622 ||| FLEEEEING.
  6625 | D:9      | 6625 ||| FLEEEEING.
  6626 | D:9      | 6626 ||| FLEEEEING.
  6627 | D:9      | 6627 ||| FLEEEEING.
  6628 | D:9      | 6628 ||| FLEEEEING.
  6629 | D:9      | 6629 ||| FLEEEEING.
  6630 | D:9      | 6630 ||| FLEEEEING.
  6631 | D:9      | 6631 ||| FLEEEEING.
  6632 | D:9      | 6632 ||| FLEEEEING.
  6633 | D:9      | 6633 ||| FLEEEEING.
  6634 | D:9      | 6634 ||| FLEEEEING.
  6635 | D:9      | 6635 ||| FLEEEEING.
  6636 | D:9      | 6636 ||| FLEEEEING.
  6637 | D:9      | 6637 ||| FLEEEEING.
  6639 | D:9      | 6639 ||| FLEEEEING.
  6640 | D:9      | 6640 ||| FLEEEEING.
  6641 | D:9      | 6641 ||| FLEEEEING.
  6642 | D:9      | 6642 ||| STAIRDANCE
  6680 | D:8      | 6680 ||| DROPPING scarf of harm.
  6681 | D:8      | 6681 ||| READING scroll labelled NIJIWK NETALACW.
  6731 | D:9      | Found a shadowy altar of Dithmenos.
  6750 | D:9      | Noticed a two-headed ogre
  6758 | D:9      | Killed a two-headed ogre
  7044 | D:9      | Found a hazy altar of Hepliaklqana.
  7045 | D:9      | Found a shimmering altar of Xom.
  7046 | D:9      | Noticed a red ugly thing
  7046 | D:9      | Noticed a brown ugly thing
  7065 | D:9      | Noticed Harold
  7066 | D:9      | 7066 ||| Stepping ~*~*~tactically~*~*~ (hiding).
  7078 | D:9      | Killed Harold
  7373 | D:9      | 7373 ||| UPGRADING to +0 acid dragon scales.
  7383 | D:9      | 7383 ||| DROPPING +0 troll leather armour.
  7455 | D:10     | Entered Level 10 of the Dungeon
  7476 | D:10     | Found a bloodstained altar of Trog.
  7479 | D:10     | 7479 ||| INVOKING Fiery Armour.
  7482 | D:10     | 7482 ||| Stepping ~*~*~tactically~*~*~ (outnumbered).
  7483 | D:10     | 7483 ||| Stepping ~*~*~tactically~*~*~ (outnumbered).
  7484 | D:10     | 7484 ||| Stepping ~*~*~tactically~*~*~ (outnumbered).
  7506 | D:10     | 7506 ||| PLANNING CONVERSION TO OKAWARU
  7506 | D:10     | 7506 ||| READING 3 scrolls of teleportation.
  7510 | D:10     | 7510 ||| READING 2 scrolls of teleportation.
  7513 | D:10     | 7513 ||| READING scroll of teleportation.
  7517 | D:10     | 7517 ||| Stepping randomly (stuck).
  7518 | D:10     | 7518 ||| Stepping randomly (stuck).
  7519 | D:10     | 7519 ||| Stepping randomly (stuck).
  7520 | D:10     | 7520 ||| Stepping randomly (stuck).
  7521 | D:10     | 7521 ||| Stepping randomly (stuck).
  7522 | D:10     | 7522 ||| Stepping randomly (stuck).
  7523 | D:10     | 7523 ||| Stepping randomly (stuck).
  7524 | D:10     | 7524 ||| Stepping randomly (stuck).
  7525 | D:10     | 7525 ||| Stepping randomly (stuck).
  7526 | D:10     | 7526 ||| Stepping randomly (stuck).
  7527 | D:10     | 7527 ||| Stepping randomly (stuck).
  7528 | D:10     | 7528 ||| Stepping randomly (stuck).
  7529 | D:10     | 7529 ||| Stepping randomly (stuck).
  7530 | D:10     | 7530 ||| Stepping randomly (stuck).
  7531 | D:10     | 7531 ||| Stepping randomly (stuck).
  7532 | D:10     | 7532 ||| Stepping randomly (stuck).
  7533 | D:10     | 7533 ||| Stepping randomly (stuck).
  7534 | D:10     | 7534 ||| Stepping randomly (stuck).
  7535 | D:10     | 7535 ||| Stepping randomly (stuck).
  7536 | D:10     | 7536 ||| Stepping randomly (stuck).
  7537 | D:10     | 7537 ||| Stepping randomly (stuck).
  7538 | D:10     | 7538 ||| Stepping randomly (stuck).
  7539 | D:10     | 7539 ||| Stepping randomly (stuck).
  7540 | D:10     | 7540 ||| Stepping randomly (stuck).
  7541 | D:10     | 7541 ||| Stepping randomly (stuck).
  7542 | D:10     | 7542 ||| Stepping randomly (stuck).
  7543 | D:10     | 7543 ||| Stepping randomly (stuck).
  7544 | D:10     | 7544 ||| Stepping randomly (stuck).
  7545 | D:10     | 7545 ||| Stepping randomly (stuck).
  7546 | D:10     | 7546 ||| Stepping randomly (stuck).
  7547 | D:10     | 7547 ||| Stepping randomly (stuck).
  7548 | D:10     | 7548 ||| Stepping randomly (stuck).
  7549 | D:10     | 7549 ||| Stepping randomly (stuck).
  7550 | D:10     | 7550 ||| Stepping randomly (stuck).
  7551 | D:10     | 7551 ||| Stepping randomly (stuck).
  7552 | D:10     | 7552 ||| Stepping randomly (stuck).
  7553 | D:10     | 7553 ||| Stepping randomly (stuck).
  7554 | D:10     | 7554 ||| Stepping randomly (stuck).
  7555 | D:10     | 7555 ||| Stepping randomly (stuck).
  7556 | D:10     | 7556 ||| Stepping randomly (stuck).
  7557 | D:10     | 7557 ||| Stepping randomly (stuck).
  7558 | D:10     | 7558 ||| Stepping randomly (stuck).
  7559 | D:10     | 7559 ||| Stepping randomly (stuck).
  7560 | D:10     | 7560 ||| Stepping randomly (stuck).
  7561 | D:10     | 7561 ||| Stepping randomly (stuck).
  7562 | D:10     | 7562 ||| Stepping randomly (stuck).
  7563 | D:10     | 7563 ||| Stepping randomly (stuck).
  7564 | D:10     | 7564 ||| Stepping randomly (stuck).
  7565 | D:10     | 7565 ||| Stepping ~*~*~tactically~*~*~ (stealth).
  7566 | D:10     | 7566 ||| Stepping randomly (stuck).
  7570 | D:10     | 7570 ||| Stepping randomly (stuck).
  7571 | D:10     | 7571 ||| Stepping ~*~*~tactically~*~*~ (hiding).
  7576 | D:10     | Reached skill level 9 in Shields
  7678 | D:10     | 7678 ||| Stepping randomly (stuck).
  7679 | D:10     | 7679 ||| Stepping randomly (stuck).
  7680 | D:10     | 7680 ||| Stepping randomly (stuck).
  7681 | D:10     | 7681 ||| Stepping randomly (stuck).
  7682 | D:10     | 7682 ||| Stepping randomly (stuck).
  7683 | D:10     | 7683 ||| Stepping randomly (stuck).
  7684 | D:10     | 7684 ||| Stepping randomly (stuck).
  7685 | D:10     | 7685 ||| Stepping randomly (stuck).
  7686 | D:10     | 7686 ||| Stepping randomly (stuck).
  7687 | D:10     | 7687 ||| Stepping randomly (stuck).
  7688 | D:10     | 7688 ||| Stepping randomly (stuck).
  7689 | D:10     | 7689 ||| Stepping randomly (stuck).
  7690 | D:10     | 7690 ||| Stepping randomly (stuck).
  7691 | D:10     | 7691 ||| Stepping randomly (stuck).
  7692 | D:10     | 7692 ||| Stepping randomly (stuck).
  7693 | D:10     | 7693 ||| Stepping randomly (stuck).
  7694 | D:10     | 7694 ||| Stepping randomly (stuck).
  7695 | D:10     | 7695 ||| Stepping randomly (stuck).
  7696 | D:10     | 7696 ||| Stepping randomly (stuck).
  7697 | D:10     | 7697 ||| Stepping randomly (stuck).
  7698 | D:10     | 7698 ||| Stepping randomly (stuck).
  7699 | D:10     | 7699 ||| Stepping randomly (stuck).
  7700 | D:10     | 7700 ||| Stepping randomly (stuck).
  7701 | D:10     | 7701 ||| Stepping randomly (stuck).
  7702 | D:10     | 7702 ||| Stepping randomly (stuck).
  7703 | D:10     | 7703 ||| Stepping randomly (stuck).
  7704 | D:10     | 7704 ||| Stepping randomly (stuck).
  7705 | D:10     | 7705 ||| Stepping randomly (stuck).
  7706 | D:10     | 7706 ||| Stepping randomly (stuck).
  7707 | D:10     | 7707 ||| Stepping randomly (stuck).
  7708 | D:10     | 7708 ||| Stepping randomly (stuck).
  7709 | D:10     | 7709 ||| Stepping randomly (stuck).
  7710 | D:10     | 7710 ||| Stepping randomly (stuck).
  7711 | D:10     | 7711 ||| Stepping randomly (stuck).
  7712 | D:10     | 7712 ||| Stepping randomly (stuck).
  7713 | D:10     | 7713 ||| Stepping randomly (stuck).
  7714 | D:10     | 7714 ||| Stepping randomly (stuck).
  7715 | D:10     | 7715 ||| Stepping randomly (stuck).
  7716 | D:10     | 7716 ||| Stepping randomly (stuck).
  7717 | D:10     | 7717 ||| Stepping randomly (stuck).
  7718 | D:10     | 7718 ||| Stepping randomly (stuck).
  7719 | D:10     | 7719 ||| Stepping randomly (stuck).
  7720 | D:10     | 7720 ||| Stepping randomly (stuck).
  7721 | D:10     | 7721 ||| Stepping randomly (stuck).
  7722 | D:10     | 7722 ||| Stepping randomly (stuck).
  7723 | D:10     | 7723 ||| Stepping randomly (stuck).
  7724 | D:10     | 7724 ||| Stepping randomly (stuck).
  7725 | D:10     | 7725 ||| Stepping randomly (stuck).
  7726 | D:10     | 7726 ||| Stepping randomly (stuck).
  7727 | D:10     | 7727 ||| Stepping randomly (stuck).
  7728 | D:10     | 7728 ||| Stepping randomly (stuck).
  7729 | D:10     | 7729 ||| Stepping randomly (stuck).
  7730 | D:10     | 7730 ||| Stepping randomly (stuck).
  7731 | D:10     | 7731 ||| Stepping randomly (stuck).
  7732 | D:10     | 7732 ||| Stepping randomly (stuck).
  7733 | D:10     | 7733 ||| Stepping randomly (stuck).
  7734 | D:10     | 7734 ||| Stepping randomly (stuck).
  7735 | D:10     | 7735 ||| Stepping randomly (stuck).
  7736 | D:10     | 7736 ||| Stepping randomly (stuck).
  7737 | D:10     | 7737 ||| Stepping randomly (stuck).
  7738 | D:10     | 7738 ||| Stepping randomly (stuck).
  7739 | D:10     | 7739 ||| Stepping randomly (stuck).
  7740 | D:10     | 7740 ||| Stepping randomly (stuck).
  7741 | D:10     | 7741 ||| Stepping randomly (stuck).
  7742 | D:10     | 7742 ||| Stepping randomly (stuck).
  7743 | D:10     | 7743 ||| Stepping randomly (stuck).
  7744 | D:10     | 7744 ||| Stepping randomly (stuck).
  7745 | D:10     | 7745 ||| Stepping randomly (stuck).
  7746 | D:10     | 7746 ||| Stepping randomly (stuck).
  7747 | D:10     | 7747 ||| Stepping randomly (stuck).
  7748 | D:10     | 7748 ||| Stepping randomly (stuck).
  7749 | D:10     | 7749 ||| Stepping randomly (stuck).
  7750 | D:10     | 7750 ||| Stepping randomly (stuck).
  7751 | D:10     | 7751 ||| Stepping randomly (stuck).
  7752 | D:10     | 7752 ||| Stepping randomly (stuck).
  7753 | D:10     | 7753 ||| Stepping randomly (stuck).
  7754 | D:10     | 7754 ||| Stepping randomly (stuck).
  7755 | D:10     | 7755 ||| Stepping randomly (stuck).
  7756 | D:10     | 7756 ||| Stepping randomly (stuck).
  7757 | D:10     | 7757 ||| Stepping randomly (stuck).
  7758 | D:10     | 7758 ||| Stepping randomly (stuck).
  7759 | D:10     | 7759 ||| Stepping randomly (stuck).
  7760 | D:10     | 7760 ||| Stepping randomly (stuck).
  7761 | D:10     | 7761 ||| Stepping randomly (stuck).
  7762 | D:10     | 7762 ||| Stepping randomly (stuck).
  7763 | D:10     | 7763 ||| Stepping randomly (stuck).
  7764 | D:10     | 7764 ||| Stepping randomly (stuck).
  7765 | D:10     | 7765 ||| Stepping randomly (stuck).
  7766 | D:10     | 7766 ||| Stepping randomly (stuck).
  7767 | D:10     | 7767 ||| Stepping randomly (stuck).
  7768 | D:10     | 7768 ||| Stepping randomly (stuck).
  7769 | D:10     | 7769 ||| Stepping randomly (stuck).
  7770 | D:10     | 7770 ||| Stepping randomly (stuck).
  7771 | D:10     | 7771 ||| Stepping randomly (stuck).
  7772 | D:10     | 7772 ||| Stepping randomly (stuck).
  7773 | D:10     | 7773 ||| Stepping randomly (stuck).
  7774 | D:10     | 7774 ||| Stepping randomly (stuck).
  7775 | D:10     | 7775 ||| Stepping randomly (stuck).
  7776 | D:10     | 7776 ||| Stepping randomly (stuck).
  7777 | D:10     | 7777 ||| Stepping randomly (stuck).
  7778 | D:10     | 7778 ||| Stepping randomly (stuck).
  7779 | D:10     | 7779 ||| Stepping randomly (stuck).
  7780 | D:10     | 7780 ||| Stepping randomly (stuck).
  7781 | D:10     | 7781 ||| Stepping randomly (stuck).
  7782 | D:10     | 7782 ||| Stepping randomly (stuck).
  7783 | D:10     | 7783 ||| Stepping randomly (stuck).
  7784 | D:10     | 7784 ||| Stepping randomly (stuck).
  7785 | D:10     | 7785 ||| Stepping randomly (stuck).
  7786 | D:10     | 7786 ||| Stepping randomly (stuck).
  7787 | D:10     | 7787 ||| Stepping randomly (stuck).
  7788 | D:10     | 7788 ||| Stepping randomly (stuck).
  7789 | D:10     | 7789 ||| Stepping randomly (stuck).
  7790 | D:10     | 7790 ||| Stepping randomly (stuck).
  7791 | D:10     | 7791 ||| Stepping randomly (stuck).
  7792 | D:10     | 7792 ||| Stepping randomly (stuck).
  7793 | D:10     | 7793 ||| Stepping randomly (stuck).
  7794 | D:10     | 7794 ||| Stepping randomly (stuck).
  7795 | D:10     | 7795 ||| Stepping randomly (stuck).
  7796 | D:10     | 7796 ||| Stepping randomly (stuck).
  7797 | D:10     | 7797 ||| Stepping randomly (stuck).
  7798 | D:10     | 7798 ||| Stepping randomly (stuck).
  7799 | D:10     | 7799 ||| Stepping randomly (stuck).
  7800 | D:10     | 7800 ||| Stepping randomly (stuck).
  7801 | D:10     | 7801 ||| Stepping randomly (stuck).
  7802 | D:10     | 7802 ||| Stepping randomly (stuck).
  7803 | D:10     | 7803 ||| Stepping randomly (stuck).
  7804 | D:10     | 7804 ||| Stepping randomly (stuck).
  7805 | D:10     | 7805 ||| Stepping randomly (stuck).
  7806 | D:10     | 7806 ||| Stepping randomly (stuck).
  7807 | D:10     | 7807 ||| Stepping randomly (stuck).
  7808 | D:10     | 7808 ||| Stepping randomly (stuck).
  7809 | D:10     | 7809 ||| Stepping randomly (stuck).
  7810 | D:10     | 7810 ||| Stepping randomly (stuck).
  7811 | D:10     | 7811 ||| Stepping randomly (stuck).
  7812 | D:10     | 7812 ||| Stepping randomly (stuck).
  7813 | D:10     | 7813 ||| Stepping randomly (stuck).
  7814 | D:10     | 7814 ||| Stepping randomly (stuck).
  7815 | D:10     | 7815 ||| Stepping randomly (stuck).
  7816 | D:10     | 7816 ||| Stepping randomly (stuck).
  7817 | D:10     | 7817 ||| Stepping randomly (stuck).
  7818 | D:10     | 7818 ||| Stepping randomly (stuck).
  7819 | D:10     | 7819 ||| Stepping randomly (stuck).
  7820 | D:10     | 7820 ||| Stepping randomly (stuck).
  7821 | D:10     | 7821 ||| Stepping randomly (stuck).
  7822 | D:10     | 7822 ||| Stepping randomly (stuck).
  7823 | D:10     | 7823 ||| Stepping randomly (stuck).
  7824 | D:10     | 7824 ||| Stepping randomly (stuck).
  7825 | D:10     | 7825 ||| Stepping randomly (stuck).
  7826 | D:10     | 7826 ||| Stepping randomly (stuck).
  7827 | D:10     | 7827 ||| Stepping randomly (stuck).
  7828 | D:10     | 7828 ||| Stepping randomly (stuck).
  7829 | D:10     | 7829 ||| Stepping randomly (stuck).
  7830 | D:10     | 7830 ||| Stepping randomly (stuck).
  7831 | D:10     | 7831 ||| Stepping randomly (stuck).
  7832 | D:10     | 7832 ||| Stepping randomly (stuck).
  7833 | D:10     | 7833 ||| Stepping randomly (stuck).
  7834 | D:10     | 7834 ||| Stepping randomly (stuck).
  7835 | D:10     | 7835 ||| Stepping randomly (stuck).
  7836 | D:10     | 7836 ||| Stepping randomly (stuck).
  7837 | D:10     | 7837 ||| Stepping randomly (stuck).
  7838 | D:10     | 7838 ||| Stepping randomly (stuck).
  7839 | D:10     | 7839 ||| Stepping randomly (stuck).
  7840 | D:10     | 7840 ||| Stepping randomly (stuck).
  7841 | D:10     | 7841 ||| Stepping randomly (stuck).
  7842 | D:10     | 7842 ||| Stepping randomly (stuck).
  7843 | D:10     | 7843 ||| Stepping randomly (stuck).
  7844 | D:10     | 7844 ||| Stepping randomly (stuck).
  7845 | D:10     | 7845 ||| Stepping randomly (stuck).
  7846 | D:10     | 7846 ||| Stepping randomly (stuck).
  7847 | D:10     | 7847 ||| Stepping randomly (stuck).
  7848 | D:10     | 7848 ||| Stepping randomly (stuck).
  7849 | D:10     | 7849 ||| Stepping randomly (stuck).
  7850 | D:10     | 7850 ||| Stepping randomly (stuck).
  7851 | D:10     | 7851 ||| Stepping randomly (stuck).
  7852 | D:10     | 7852 ||| Stepping randomly (stuck).
  7853 | D:10     | 7853 ||| Stepping randomly (stuck).
  7854 | D:10     | 7854 ||| Stepping randomly (stuck).
  7855 | D:10     | 7855 ||| Stepping randomly (stuck).
  7856 | D:10     | 7856 ||| Stepping randomly (stuck).
  7857 | D:10     | 7857 ||| Stepping randomly (stuck).
  7858 | D:10     | 7858 ||| Stepping randomly (stuck).
  7859 | D:10     | 7859 ||| Stepping randomly (stuck).
  7860 | D:10     | 7860 ||| Stepping randomly (stuck).
  7861 | D:10     | 7861 ||| Stepping randomly (stuck).
  7862 | D:10     | 7862 ||| Stepping randomly (stuck).
  7863 | D:10     | 7863 ||| Stepping randomly (stuck).
  7864 | D:10     | 7864 ||| Stepping randomly (stuck).
  7865 | D:10     | 7865 ||| Stepping randomly (stuck).
  7866 | D:10     | 7866 ||| Stepping randomly (stuck).
  7867 | D:10     | 7867 ||| Stepping randomly (stuck).
  7868 | D:10     | 7868 ||| Stepping randomly (stuck).
  7869 | D:10     | 7869 ||| Stepping randomly (stuck).
  7870 | D:10     | 7870 ||| Stepping randomly (stuck).
  7871 | D:10     | 7871 ||| Stepping randomly (stuck).
  7872 | D:10     | 7872 ||| Stepping randomly (stuck).
  7873 | D:10     | 7873 ||| Stepping randomly (stuck).
  7874 | D:10     | 7874 ||| Stepping randomly (stuck).
  7875 | D:10     | 7875 ||| Stepping randomly (stuck).
  7876 | D:10     | 7876 ||| Stepping randomly (stuck).
  7877 | D:10     | 7877 ||| Stepping randomly (stuck).
  7878 | D:10     | 7878 ||| Stepping randomly (stuck).
  7879 | D:10     | 7879 ||| Stepping randomly (stuck).
  7880 | D:10     | 7880 ||| Stepping randomly (stuck).
  7881 | D:10     | 7881 ||| Stepping randomly (stuck).
  7882 | D:10     | 7882 ||| Stepping randomly (stuck).
  7883 | D:10     | 7883 ||| Stepping randomly (stuck).
  7884 | D:10     | 7884 ||| Stepping randomly (stuck).
  7885 | D:10     | 7885 ||| Stepping randomly (stuck).
  7886 | D:10     | 7886 ||| Stepping randomly (stuck).
  7887 | D:10     | 7887 ||| Stepping randomly (stuck).
  7888 | D:10     | 7888 ||| Stepping randomly (stuck).
  7889 | D:10     | 7889 ||| Stepping randomly (stuck).
  7890 | D:10     | 7890 ||| Stepping randomly (stuck).
  7891 | D:10     | 7891 ||| Stepping randomly (stuck).
  7892 | D:10     | 7892 ||| Stepping randomly (stuck).
  7893 | D:10     | 7893 ||| Stepping randomly (stuck).
  7894 | D:10     | 7894 ||| Stepping randomly (stuck).
  7895 | D:10     | 7895 ||| Stepping randomly (stuck).
  7896 | D:10     | 7896 ||| Stepping randomly (stuck).
  7897 | D:10     | 7897 ||| Stepping randomly (stuck).
  7898 | D:10     | 7898 ||| Stepping randomly (stuck).
  7899 | D:10     | 7899 ||| Stepping randomly (stuck).
  7900 | D:10     | 7900 ||| Stepping randomly (stuck).
  7901 | D:10     | 7901 ||| Stepping randomly (stuck).
  7902 | D:10     | 7902 ||| Stepping randomly (stuck).
  7903 | D:10     | 7903 ||| Stepping randomly (stuck).
  7904 | D:10     | 7904 ||| Stepping randomly (stuck).
  7905 | D:10     | 7905 ||| Stepping randomly (stuck).
  7906 | D:10     | 7906 ||| Stepping randomly (stuck).
  7907 | D:10     | 7907 ||| Stepping randomly (stuck).
  7908 | D:10     | 7908 ||| Stepping randomly (stuck).
  7909 | D:10     | 7909 ||| Stepping randomly (stuck).
  7910 | D:10     | 7910 ||| Stepping randomly (stuck).
  7911 | D:10     | 7911 ||| Stepping randomly (stuck).
  7912 | D:10     | 7912 ||| Stepping randomly (stuck).
  7913 | D:10     | 7913 ||| Stepping randomly (stuck).
  7914 | D:10     | 7914 ||| Stepping randomly (stuck).
  7915 | D:10     | 7915 ||| Stepping randomly (stuck).
  7916 | D:10     | 7916 ||| Stepping randomly (stuck).
  7917 | D:10     | 7917 ||| Stepping randomly (stuck).
  7918 | D:10     | 7918 ||| Stepping randomly (stuck).
  7919 | D:10     | 7919 ||| Stepping randomly (stuck).
  7920 | D:10     | 7920 ||| Stepping randomly (stuck).
  7921 | D:10     | 7921 ||| Stepping randomly (stuck).
  7922 | D:10     | 7922 ||| Stepping randomly (stuck).
  7923 | D:10     | 7923 ||| Stepping randomly (stuck).
  7924 | D:10     | 7924 ||| Stepping randomly (stuck).
  7925 | D:10     | 7925 ||| Stepping randomly (stuck).
  7926 | D:10     | 7926 ||| Stepping randomly (stuck).
  7927 | D:10     | 7927 ||| Stepping randomly (stuck).
  7928 | D:10     | 7928 ||| Stepping randomly (stuck).
  7929 | D:10     | 7929 ||| Stepping randomly (stuck).
  7930 | D:10     | 7930 ||| Stepping randomly (stuck).
  7931 | D:10     | 7931 ||| Stepping randomly (stuck).
  7932 | D:10     | 7932 ||| Stepping randomly (stuck).
  7933 | D:10     | 7933 ||| Stepping randomly (stuck).
  7934 | D:10     | 7934 ||| Stepping randomly (stuck).
  7935 | D:10     | 7935 ||| Stepping randomly (stuck).
  7936 | D:10     | 7936 ||| Stepping randomly (stuck).
  7937 | D:10     | 7937 ||| Stepping randomly (stuck).
  7938 | D:10     | 7938 ||| Stepping randomly (stuck).
  7939 | D:10     | 7939 ||| Stepping randomly (stuck).
  7940 | D:10     | 7940 ||| Stepping randomly (stuck).
  7941 | D:10     | 7941 ||| Stepping randomly (stuck).
  7942 | D:10     | 7942 ||| Stepping randomly (stuck).
  7943 | D:10     | 7943 ||| Stepping randomly (stuck).
  7944 | D:10     | 7944 ||| Stepping randomly (stuck).
  7945 | D:10     | 7945 ||| Stepping randomly (stuck).
  7946 | D:10     | 7946 ||| Stepping randomly (stuck).
  7947 | D:10     | 7947 ||| Stepping randomly (stuck).
  7948 | D:10     | 7948 ||| Stepping randomly (stuck).
  7949 | D:10     | 7949 ||| Stepping randomly (stuck).
  7950 | D:10     | 7950 ||| Stepping randomly (stuck).
  7951 | D:10     | 7951 ||| Stepping randomly (stuck).
  7952 | D:10     | 7952 ||| Stepping randomly (stuck).
  7953 | D:10     | 7953 ||| Stepping randomly (stuck).
  7954 | D:10     | 7954 ||| Stepping randomly (stuck).
  7955 | D:10     | 7955 ||| Stepping randomly (stuck).
  7956 | D:10     | 7956 ||| Stepping randomly (stuck).
  7957 | D:10     | 7957 ||| Stepping randomly (stuck).
  7958 | D:10     | 7958 ||| Stepping randomly (stuck).
  7959 | D:10     | 7959 ||| Stepping randomly (stuck).
  7960 | D:10     | 7960 ||| Stepping randomly (stuck).
  7961 | D:10     | 7961 ||| Stepping randomly (stuck).
  7962 | D:10     | 7962 ||| Stepping randomly (stuck).
  7963 | D:10     | 7963 ||| Stepping randomly (stuck).
  7964 | D:10     | 7964 ||| Stepping randomly (stuck).
  7965 | D:10     | 7965 ||| Stepping randomly (stuck).
  7966 | D:10     | 7966 ||| Stepping randomly (stuck).
  7967 | D:10     | 7967 ||| Stepping randomly (stuck).
  7968 | D:10     | 7968 ||| Stepping randomly (stuck).
  7969 | D:10     | 7969 ||| Stepping randomly (stuck).
  7970 | D:10     | 7970 ||| Stepping randomly (stuck).
  7971 | D:10     | 7971 ||| Stepping randomly (stuck).
  7972 | D:10     | 7972 ||| Stepping randomly (stuck).
  7973 | D:10     | 7973 ||| Stepping randomly (stuck).
  7974 | D:10     | 7974 ||| Stepping randomly (stuck).
  7975 | D:10     | 7975 ||| Stepping randomly (stuck).
  7976 | D:10     | 7976 ||| Stepping randomly (stuck).
  7977 | D:10     | 7977 ||| Stepping randomly (stuck).
  7978 | D:10     | 7978 ||| Stepping randomly (stuck).
  7979 | D:10     | 7979 ||| Stepping randomly (stuck).
  7980 | D:10     | 7980 ||| Stepping randomly (stuck).
  7981 | D:10     | 7981 ||| Stepping randomly (stuck).
  7982 | D:10     | 7982 ||| Stepping randomly (stuck).
  7983 | D:10     | 7983 ||| Stepping randomly (stuck).
  7984 | D:10     | 7984 ||| Stepping randomly (stuck).
  7985 | D:10     | 7985 ||| Stepping randomly (stuck).
  7986 | D:10     | 7986 ||| Stepping randomly (stuck).
  7987 | D:10     | 7987 ||| Stepping randomly (stuck).
  7988 | D:10     | 7988 ||| Stepping randomly (stuck).
  7989 | D:10     | 7989 ||| Stepping randomly (stuck).
  7990 | D:10     | 7990 ||| Stepping randomly (stuck).
  7991 | D:10     | 7991 ||| Stepping randomly (stuck).
  7992 | D:10     | 7992 ||| Stepping randomly (stuck).
  7993 | D:10     | 7993 ||| Stepping randomly (stuck).
  7994 | D:10     | 7994 ||| Stepping randomly (stuck).
  7995 | D:10     | 7995 ||| Stepping randomly (stuck).
  7996 | D:10     | 7996 ||| Stepping randomly (stuck).
  7997 | D:10     | 7997 ||| Stepping randomly (stuck).
  7998 | D:10     | 7998 ||| Stepping randomly (stuck).
  7999 | D:10     | 7999 ||| Stepping randomly (stuck).
  8000 | D:10     | 8000 ||| Stepping randomly (stuck).
  8001 | D:10     | 8001 ||| Stepping randomly (stuck).
  8002 | D:10     | 8002 ||| Stepping randomly (stuck).
  8003 | D:10     | 8003 ||| Stepping randomly (stuck).
  8004 | D:10     | 8004 ||| Stepping randomly (stuck).
  8005 | D:10     | 8005 ||| Stepping randomly (stuck).
  8006 | D:10     | 8006 ||| Stepping randomly (stuck).
  8007 | D:10     | 8007 ||| Stepping randomly (stuck).
  8008 | D:10     | 8008 ||| Stepping randomly (stuck).
  8009 | D:10     | 8009 ||| Stepping randomly (stuck).
  8010 | D:10     | 8010 ||| Stepping randomly (stuck).
  8011 | D:10     | 8011 ||| Stepping randomly (stuck).
  8012 | D:10     | 8012 ||| Stepping randomly (stuck).
  8013 | D:10     | 8013 ||| Stepping randomly (stuck).
  8014 | D:10     | 8014 ||| Stepping randomly (stuck).
  8015 | D:10     | 8015 ||| Stepping randomly (stuck).
  8016 | D:10     | 8016 ||| Stepping randomly (stuck).
  8017 | D:10     | 8017 ||| Stepping randomly (stuck).
  8018 | D:10     | 8018 ||| Stepping randomly (stuck).
  8019 | D:10     | 8019 ||| Stepping randomly (stuck).
  8020 | D:10     | 8020 ||| Stepping randomly (stuck).
  8021 | D:10     | 8021 ||| Stepping randomly (stuck).
  8022 | D:10     | 8022 ||| Stepping randomly (stuck).
  8023 | D:10     | 8023 ||| Stepping randomly (stuck).
  8024 | D:10     | 8024 ||| Stepping randomly (stuck).
  8025 | D:10     | 8025 ||| Stepping randomly (stuck).
  8026 | D:10     | 8026 ||| Stepping randomly (stuck).
  8027 | D:10     | 8027 ||| Stepping randomly (stuck).
  8028 | D:10     | 8028 ||| Stepping randomly (stuck).
  8029 | D:10     | 8029 ||| Stepping randomly (stuck).
  8030 | D:10     | 8030 ||| Stepping randomly (stuck).
  8031 | D:10     | 8031 ||| Stepping randomly (stuck).
  8032 | D:10     | 8032 ||| Stepping randomly (stuck).
  8033 | D:10     | 8033 ||| Stepping randomly (stuck).
  8034 | D:10     | 8034 ||| Stepping randomly (stuck).
  8035 | D:10     | 8035 ||| Stepping randomly (stuck).
  8036 | D:10     | 8036 ||| Stepping randomly (stuck).
  8037 | D:10     | 8037 ||| Stepping randomly (stuck).
  8038 | D:10     | 8038 ||| Stepping randomly (stuck).
  8039 | D:10     | 8039 ||| Stepping randomly (stuck).
  8040 | D:10     | 8040 ||| Stepping randomly (stuck).
  8041 | D:10     | 8041 ||| Stepping randomly (stuck).
  8042 | D:10     | 8042 ||| Stepping randomly (stuck).
  8043 | D:10     | 8043 ||| Stepping randomly (stuck).
  8044 | D:10     | 8044 ||| Stepping randomly (stuck).
  8045 | D:10     | 8045 ||| Stepping randomly (stuck).
  8046 | D:10     | 8046 ||| Stepping randomly (stuck).
  8047 | D:10     | 8047 ||| Stepping randomly (stuck).
  8048 | D:10     | 8048 ||| Stepping randomly (stuck).
  8049 | D:10     | 8049 ||| Stepping randomly (stuck).
  8050 | D:10     | 8050 ||| Stepping randomly (stuck).
  8051 | D:10     | 8051 ||| Stepping randomly (stuck).
  8052 | D:10     | 8052 ||| Stepping randomly (stuck).
  8053 | D:10     | 8053 ||| Stepping randomly (stuck).
  8054 | D:10     | 8054 ||| Stepping randomly (stuck).
  8055 | D:10     | 8055 ||| Stepping randomly (stuck).
  8056 | D:10     | 8056 ||| Stepping randomly (stuck).
  8057 | D:10     | 8057 ||| Stepping randomly (stuck).
  8058 | D:10     | 8058 ||| Stepping randomly (stuck).
  8059 | D:10     | 8059 ||| Stepping randomly (stuck).
  8060 | D:10     | 8060 ||| Stepping randomly (stuck).
  8061 | D:10     | 8061 ||| Stepping randomly (stuck).
  8062 | D:10     | 8062 ||| Stepping randomly (stuck).
  8063 | D:10     | 8063 ||| Stepping randomly (stuck).
  8064 | D:10     | 8064 ||| Stepping randomly (stuck).
  8065 | D:10     | 8065 ||| Stepping randomly (stuck).
  8066 | D:10     | 8066 ||| Stepping randomly (stuck).
  8067 | D:10     | 8067 ||| Stepping randomly (stuck).
  8068 | D:10     | 8068 ||| Stepping randomly (stuck).
  8069 | D:10     | 8069 ||| Stepping randomly (stuck).
  8070 | D:10     | 8070 ||| Stepping randomly (stuck).
  8071 | D:10     | 8071 ||| Stepping randomly (stuck).
  8072 | D:10     | 8072 ||| Stepping randomly (stuck).
  8073 | D:10     | 8073 ||| Stepping randomly (stuck).
  8074 | D:10     | 8074 ||| Stepping randomly (stuck).
  8075 | D:10     | 8075 ||| Stepping randomly (stuck).
  8076 | D:10     | 8076 ||| Stepping randomly (stuck).
  8077 | D:10     | 8077 ||| Stepping randomly (stuck).
  8078 | D:10     | 8078 ||| Stepping randomly (stuck).
  8079 | D:10     | 8079 ||| Stepping randomly (stuck).
  8080 | D:10     | 8080 ||| Stepping randomly (stuck).
  8081 | D:10     | 8081 ||| Stepping randomly (stuck).
  8082 | D:10     | 8082 ||| Stepping randomly (stuck).
  8083 | D:10     | 8083 ||| Stepping randomly (stuck).
  8084 | D:10     | 8084 ||| Stepping randomly (stuck).
  8085 | D:10     | 8085 ||| Stepping randomly (stuck).
  8086 | D:10     | 8086 ||| Stepping randomly (stuck).
  8087 | D:10     | 8087 ||| Stepping randomly (stuck).
  8088 | D:10     | 8088 ||| Stepping randomly (stuck).
  8089 | D:10     | 8089 ||| Stepping randomly (stuck).
  8090 | D:10     | 8090 ||| Stepping randomly (stuck).
  8091 | D:10     | 8091 ||| Stepping randomly (stuck).
  8092 | D:10     | 8092 ||| Stepping randomly (stuck).
  8093 | D:10     | 8093 ||| Stepping randomly (stuck).
  8094 | D:10     | 8094 ||| Stepping randomly (stuck).
  8095 | D:10     | 8095 ||| Stepping randomly (stuck).
  8096 | D:10     | 8096 ||| Stepping randomly (stuck).
  8097 | D:10     | 8097 ||| Stepping randomly (stuck).
  8098 | D:10     | 8098 ||| Stepping randomly (stuck).
  8099 | D:10     | 8099 ||| Stepping randomly (stuck).
  8100 | D:10     | 8100 ||| Stepping randomly (stuck).
  8101 | D:10     | 8101 ||| Stepping randomly (stuck).
  8102 | D:10     | 8102 ||| Stepping randomly (stuck).
  8103 | D:10     | 8103 ||| Stepping randomly (stuck).
  8104 | D:10     | 8104 ||| Stepping randomly (stuck).
  8105 | D:10     | 8105 ||| Stepping randomly (stuck).
  8106 | D:10     | 8106 ||| Stepping randomly (stuck).
  8107 | D:10     | 8107 ||| Stepping randomly (stuck).
  8108 | D:10     | 8108 ||| Stepping randomly (stuck).
  8109 | D:10     | 8109 ||| Stepping randomly (stuck).
  8110 | D:10     | 8110 ||| Stepping randomly (stuck).
  8111 | D:10     | 8111 ||| Stepping randomly (stuck).
  8112 | D:10     | 8112 ||| Stepping randomly (stuck).
  8113 | D:10     | 8113 ||| Stepping randomly (stuck).
  8114 | D:10     | 8114 ||| Stepping randomly (stuck).
  8115 | D:10     | 8115 ||| Stepping randomly (stuck).
  8116 | D:10     | 8116 ||| Stepping randomly (stuck).
  8117 | D:10     | 8117 ||| Stepping randomly (stuck).
  8118 | D:10     | 8118 ||| Stepping randomly (stuck).
  8119 | D:10     | 8119 ||| Stepping randomly (stuck).
  8120 | D:10     | 8120 ||| Stepping randomly (stuck).
  8121 | D:10     | 8121 ||| Stepping randomly (stuck).
  8122 | D:10     | 8122 ||| Stepping randomly (stuck).
  8123 | D:10     | 8123 ||| Stepping randomly (stuck).
  8124 | D:10     | 8124 ||| Stepping randomly (stuck).
  8125 | D:10     | 8125 ||| Stepping randomly (stuck).
  8126 | D:10     | 8126 ||| Stepping randomly (stuck).
  8127 | D:10     | 8127 ||| Stepping randomly (stuck).
  8128 | D:10     | 8128 ||| Stepping randomly (stuck).
  8129 | D:10     | 8129 ||| Stepping randomly (stuck).
  8130 | D:10     | 8130 ||| Stepping randomly (stuck).
  8131 | D:10     | 8131 ||| Stepping randomly (stuck).
  8132 | D:10     | 8132 ||| Stepping randomly (stuck).
  8133 | D:10     | 8133 ||| Stepping randomly (stuck).
  8134 | D:10     | 8134 ||| Stepping randomly (stuck).
  8135 | D:10     | 8135 ||| Stepping randomly (stuck).
  8136 | D:10     | 8136 ||| Stepping randomly (stuck).
  8137 | D:10     | 8137 ||| Stepping randomly (stuck).
  8138 | D:10     | 8138 ||| Stepping randomly (stuck).
  8139 | D:10     | 8139 ||| Stepping randomly (stuck).
  8140 | D:10     | 8140 ||| Stepping randomly (stuck).
  8141 | D:10     | 8141 ||| Stepping randomly (stuck).
  8142 | D:10     | 8142 ||| Stepping randomly (stuck).
  8143 | D:10     | 8143 ||| Stepping randomly (stuck).
  8144 | D:10     | 8144 ||| Stepping randomly (stuck).
  8145 | D:10     | 8145 ||| Stepping randomly (stuck).
  8146 | D:10     | 8146 ||| Stepping randomly (stuck).
  8147 | D:10     | 8147 ||| Stepping randomly (stuck).
  8148 | D:10     | 8148 ||| Stepping randomly (stuck).
  8149 | D:10     | 8149 ||| Stepping randomly (stuck).
  8150 | D:10     | 8150 ||| Stepping randomly (stuck).
  8151 | D:10     | 8151 ||| Stepping randomly (stuck).
  8152 | D:10     | 8152 ||| Stepping randomly (stuck).
  8153 | D:10     | 8153 ||| Stepping randomly (stuck).
  8154 | D:10     | 8154 ||| Stepping randomly (stuck).
  8155 | D:10     | 8155 ||| Stepping randomly (stuck).
  8156 | D:10     | 8156 ||| Stepping randomly (stuck).
  8157 | D:10     | 8157 ||| Stepping randomly (stuck).
  8158 | D:10     | 8158 ||| Stepping randomly (stuck).
  8159 | D:10     | 8159 ||| Stepping randomly (stuck).
  8160 | D:10     | 8160 ||| Stepping randomly (stuck).
  8161 | D:10     | 8161 ||| Stepping randomly (stuck).
  8162 | D:10     | 8162 ||| Stepping randomly (stuck).
  8163 | D:10     | 8163 ||| Stepping randomly (stuck).
  8164 | D:10     | 8164 ||| Stepping randomly (stuck).
  8165 | D:10     | 8165 ||| Stepping randomly (stuck).
  8166 | D:10     | 8166 ||| Stepping randomly (stuck).
  8167 | D:10     | 8167 ||| Stepping randomly (stuck).
  8168 | D:10     | 8168 ||| Stepping randomly (stuck).
  8169 | D:10     | 8169 ||| Stepping randomly (stuck).
  8170 | D:10     | 8170 ||| Stepping randomly (stuck).
  8171 | D:10     | 8171 ||| Stepping randomly (stuck).
  8172 | D:10     | 8172 ||| Stepping randomly (stuck).
  8173 | D:10     | 8173 ||| Stepping randomly (stuck).
  8174 | D:10     | 8174 ||| Stepping randomly (stuck).
  8175 | D:10     | 8175 ||| Stepping randomly (stuck).
  8176 | D:10     | 8176 ||| Stepping randomly (stuck).
  8177 | D:10     | 8177 ||| Stepping randomly (stuck).
  8178 | D:10     | 8178 ||| Stepping randomly (stuck).
  8179 | D:10     | 8179 ||| Stepping randomly (stuck).
  8180 | D:10     | 8180 ||| Stepping randomly (stuck).
  8181 | D:10     | 8181 ||| Stepping randomly (stuck).
  8182 | D:10     | 8182 ||| Stepping randomly (stuck).
  8183 | D:10     | 8183 ||| Stepping randomly (stuck).
  8184 | D:10     | 8184 ||| Stepping randomly (stuck).
  8185 | D:10     | 8185 ||| Stepping randomly (stuck).
  8186 | D:10     | 8186 ||| Stepping randomly (stuck).
  8187 | D:10     | 8187 ||| Stepping randomly (stuck).
  8188 | D:10     | 8188 ||| Stepping randomly (stuck).
  8189 | D:10     | 8189 ||| Stepping randomly (stuck).
  8190 | D:10     | 8190 ||| Stepping randomly (stuck).
  8191 | D:10     | 8191 ||| Stepping randomly (stuck).
  8192 | D:10     | 8192 ||| Stepping randomly (stuck).
  8193 | D:10     | 8193 ||| Stepping randomly (stuck).
  8194 | D:10     | 8194 ||| Stepping randomly (stuck).
  8195 | D:10     | 8195 ||| Stepping randomly (stuck).
  8196 | D:10     | 8196 ||| Stepping randomly (stuck).
  8197 | D:10     | 8197 ||| Stepping randomly (stuck).
  8198 | D:10     | 8198 ||| Stepping randomly (stuck).
  8199 | D:10     | 8199 ||| Stepping randomly (stuck).
  8200 | D:10     | 8200 ||| Stepping randomly (stuck).
  8201 | D:10     | 8201 ||| Stepping randomly (stuck).
  8202 | D:10     | 8202 ||| Stepping randomly (stuck).
  8203 | D:10     | 8203 ||| Stepping randomly (stuck).
  8204 | D:10     | 8204 ||| Stepping randomly (stuck).
  8205 | D:10     | 8205 ||| Stepping randomly (stuck).
  8206 | D:10     | 8206 ||| Stepping randomly (stuck).
  8207 | D:10     | 8207 ||| Stepping randomly (stuck).
  8208 | D:10     | 8208 ||| Stepping randomly (stuck).
  8209 | D:10     | 8209 ||| Stepping randomly (stuck).
  8210 | D:10     | 8210 ||| Stepping randomly (stuck).
  8211 | D:10     | 8211 ||| Stepping randomly (stuck).
  8212 | D:10     | 8212 ||| Stepping randomly (stuck).
  8213 | D:10     | 8213 ||| Stepping randomly (stuck).
  8214 | D:10     | 8214 ||| Stepping randomly (stuck).
  8215 | D:10     | 8215 ||| Stepping randomly (stuck).
  8216 | D:10     | 8216 ||| Stepping randomly (stuck).
  8217 | D:10     | 8217 ||| Stepping randomly (stuck).
  8218 | D:10     | 8218 ||| Stepping randomly (stuck).
  8219 | D:10     | 8219 ||| Stepping randomly (stuck).
  8220 | D:10     | 8220 ||| Stepping randomly (stuck).
  8221 | D:10     | 8221 ||| Stepping randomly (stuck).
  8222 | D:10     | 8222 ||| Stepping randomly (stuck).
  8223 | D:10     | 8223 ||| Stepping randomly (stuck).
  8224 | D:10     | 8224 ||| Stepping randomly (stuck).
  8225 | D:10     | 8225 ||| Stepping randomly (stuck).
  8226 | D:10     | 8226 ||| Stepping randomly (stuck).
  8227 | D:10     | 8227 ||| Stepping randomly (stuck).
  8228 | D:10     | 8228 ||| Stepping randomly (stuck).
  8229 | D:10     | 8229 ||| Stepping randomly (stuck).
  8230 | D:10     | 8230 ||| Stepping randomly (stuck).
  8231 | D:10     | 8231 ||| Stepping randomly (stuck).
  8232 | D:10     | 8232 ||| Stepping randomly (stuck).
  8233 | D:10     | 8233 ||| Stepping randomly (stuck).
  8234 | D:10     | 8234 ||| Stepping randomly (stuck).
  8235 | D:10     | 8235 ||| Stepping randomly (stuck).
  8236 | D:10     | 8236 ||| Stepping randomly (stuck).
  8237 | D:10     | 8237 ||| Stepping randomly (stuck).
  8238 | D:10     | 8238 ||| Stepping randomly (stuck).
  8239 | D:10     | 8239 ||| Stepping randomly (stuck).
  8240 | D:10     | 8240 ||| Stepping randomly (stuck).
  8241 | D:10     | 8241 ||| Stepping randomly (stuck).
  8242 | D:10     | 8242 ||| Stepping randomly (stuck).
  8243 | D:10     | 8243 ||| Stepping randomly (stuck).
  8244 | D:10     | 8244 ||| Stepping randomly (stuck).
  8245 | D:10     | 8245 ||| Stepping randomly (stuck).
  8246 | D:10     | 8246 ||| Stepping randomly (stuck).
  8247 | D:10     | 8247 ||| Stepping randomly (stuck).
  8248 | D:10     | 8248 ||| Stepping randomly (stuck).
  8249 | D:10     | 8249 ||| Stepping randomly (stuck).
  8250 | D:10     | 8250 ||| Stepping randomly (stuck).
  8251 | D:10     | 8251 ||| Stepping randomly (stuck).
  8252 | D:10     | 8252 ||| Stepping randomly (stuck).
  8253 | D:10     | 8253 ||| Stepping randomly (stuck).
  8254 | D:10     | 8254 ||| Stepping randomly (stuck).
  8255 | D:10     | 8255 ||| Stepping randomly (stuck).
  8256 | D:10     | 8256 ||| Stepping randomly (stuck).
  8257 | D:10     | 8257 ||| Stepping randomly (stuck).
  8258 | D:10     | 8258 ||| Stepping randomly (stuck).
  8259 | D:10     | 8259 ||| Stepping randomly (stuck).
  8260 | D:10     | 8260 ||| Stepping randomly (stuck).
  8261 | D:10     | 8261 ||| Stepping randomly (stuck).
  8262 | D:10     | 8262 ||| Stepping randomly (stuck).
  8263 | D:10     | 8263 ||| Stepping randomly (stuck).
  8264 | D:10     | 8264 ||| Stepping randomly (stuck).
  8265 | D:10     | 8265 ||| Stepping randomly (stuck).
  8266 | D:10     | 8266 ||| Stepping randomly (stuck).
  8267 | D:10     | 8267 ||| Stepping randomly (stuck).
  8268 | D:10     | 8268 ||| Stepping randomly (stuck).
  8269 | D:10     | 8269 ||| Stepping randomly (stuck).
  8270 | D:10     | 8270 ||| Stepping randomly (stuck).
  8271 | D:10     | 8271 ||| Stepping randomly (stuck).
  8272 | D:10     | 8272 ||| Stepping randomly (stuck).
  8273 | D:10     | 8273 ||| Stepping randomly (stuck).
  8274 | D:10     | 8274 ||| Stepping randomly (stuck).
  8275 | D:10     | 8275 ||| Stepping randomly (stuck).
  8276 | D:10     | 8276 ||| Stepping randomly (stuck).
  8277 | D:10     | 8277 ||| Stepping randomly (stuck).
  8278 | D:10     | 8278 ||| Stepping randomly (stuck).
  8279 | D:10     | 8279 ||| Stepping randomly (stuck).
  8280 | D:10     | 8280 ||| Stepping randomly (stuck).
  8281 | D:10     | 8281 ||| Stepping randomly (stuck).
  8282 | D:10     | 8282 ||| Stepping randomly (stuck).
  8283 | D:10     | 8283 ||| Stepping randomly (stuck).
  8284 | D:10     | 8284 ||| Stepping randomly (stuck).
  8285 | D:10     | 8285 ||| Stepping randomly (stuck).
  8286 | D:10     | 8286 ||| Stepping randomly (stuck).
  8287 | D:10     | 8287 ||| Stepping randomly (stuck).
  8288 | D:10     | 8288 ||| Stepping randomly (stuck).
  8289 | D:10     | 8289 ||| Stepping randomly (stuck).
  8290 | D:10     | 8290 ||| Stepping randomly (stuck).
  8291 | D:10     | 8291 ||| Stepping randomly (stuck).
  8292 | D:10     | 8292 ||| Stepping randomly (stuck).
  8293 | D:10     | 8293 ||| Stepping randomly (stuck).
  8294 | D:10     | 8294 ||| Stepping randomly (stuck).
  8295 | D:10     | 8295 ||| Stepping randomly (stuck).
  8296 | D:10     | 8296 ||| Stepping randomly (stuck).
  8297 | D:10     | 8297 ||| Stepping randomly (stuck).
  8298 | D:10     | 8298 ||| Stepping randomly (stuck).
  8299 | D:10     | 8299 ||| Stepping randomly (stuck).
  8300 | D:10     | 8300 ||| Stepping randomly (stuck).
  8301 | D:10     | 8301 ||| Stepping randomly (stuck).
  8302 | D:10     | 8302 ||| Stepping randomly (stuck).
  8303 | D:10     | 8303 ||| Stepping randomly (stuck).
  8304 | D:10     | 8304 ||| Stepping randomly (stuck).
  8305 | D:10     | 8305 ||| Stepping randomly (stuck).
  8306 | D:10     | 8306 ||| Stepping randomly (stuck).
  8307 | D:10     | 8307 ||| Stepping randomly (stuck).
  8308 | D:10     | 8308 ||| Stepping randomly (stuck).
  8309 | D:10     | 8309 ||| Stepping randomly (stuck).
  8310 | D:10     | 8310 ||| Stepping randomly (stuck).
  8311 | D:10     | 8311 ||| Stepping randomly (stuck).
  8312 | D:10     | 8312 ||| Stepping randomly (stuck).
  8313 | D:10     | 8313 ||| Stepping randomly (stuck).
  8314 | D:10     | 8314 ||| Stepping randomly (stuck).
  8315 | D:10     | 8315 ||| Stepping randomly (stuck).
  8316 | D:10     | 8316 ||| Stepping randomly (stuck).
  8317 | D:10     | 8317 ||| Stepping randomly (stuck).
  8318 | D:10     | 8318 ||| Stepping randomly (stuck).
  8319 | D:10     | 8319 ||| Stepping randomly (stuck).
  8320 | D:10     | 8320 ||| Stepping randomly (stuck).
  8321 | D:10     | 8321 ||| Stepping randomly (stuck).
  8322 | D:10     | 8322 ||| Stepping randomly (stuck).
  8323 | D:10     | 8323 ||| Stepping randomly (stuck).
  8324 | D:10     | 8324 ||| Stepping randomly (stuck).
  8325 | D:10     | 8325 ||| Stepping randomly (stuck).
  8326 | D:10     | 8326 ||| Stepping randomly (stuck).
  8327 | D:10     | 8327 ||| Stepping randomly (stuck).
  8328 | D:10     | 8328 ||| Stepping randomly (stuck).
  8329 | D:10     | 8329 ||| Stepping randomly (stuck).
  8330 | D:10     | 8330 ||| Stepping randomly (stuck).
  8331 | D:10     | 8331 ||| Stepping randomly (stuck).
  8332 | D:10     | 8332 ||| Stepping randomly (stuck).
  8333 | D:10     | 8333 ||| Stepping randomly (stuck).
  8334 | D:10     | 8334 ||| Stepping randomly (stuck).
  8335 | D:10     | 8335 ||| Stepping randomly (stuck).
  8336 | D:10     | 8336 ||| Stepping randomly (stuck).
  8337 | D:10     | 8337 ||| Stepping randomly (stuck).
  8338 | D:10     | 8338 ||| Stepping randomly (stuck).
  8339 | D:10     | 8339 ||| Stepping randomly (stuck).
  8340 | D:10     | 8340 ||| Stepping randomly (stuck).
  8341 | D:10     | 8341 ||| Stepping randomly (stuck).
  8342 | D:10     | 8342 ||| Stepping randomly (stuck).
  8343 | D:10     | 8343 ||| Stepping randomly (stuck).
  8344 | D:10     | 8344 ||| Stepping randomly (stuck).
  8345 | D:10     | 8345 ||| Stepping randomly (stuck).
  8346 | D:10     | 8346 ||| Stepping randomly (stuck).
  8347 | D:10     | 8347 ||| Stepping randomly (stuck).
  8348 | D:10     | 8348 ||| Stepping randomly (stuck).
  8349 | D:10     | 8349 ||| Stepping randomly (stuck).
  8350 | D:10     | 8350 ||| Stepping randomly (stuck).
  8351 | D:10     | 8351 ||| Stepping randomly (stuck).
  8352 | D:10     | 8352 ||| Stepping randomly (stuck).
  8353 | D:10     | 8353 ||| Stepping randomly (stuck).
  8354 | D:10     | 8354 ||| Stepping randomly (stuck).
  8355 | D:10     | 8355 ||| Stepping randomly (stuck).
  8356 | D:10     | 8356 ||| Stepping randomly (stuck).
  8357 | D:10     | 8357 ||| Stepping randomly (stuck).
  8358 | D:10     | 8358 ||| Stepping randomly (stuck).
  8359 | D:10     | 8359 ||| Stepping randomly (stuck).
  8360 | D:10     | 8360 ||| Stepping randomly (stuck).
  8361 | D:10     | 8361 ||| Stepping randomly (stuck).
  8362 | D:10     | 8362 ||| Stepping randomly (stuck).
  8363 | D:10     | 8363 ||| Stepping randomly (stuck).
  8364 | D:10     | 8364 ||| Stepping randomly (stuck).
  8365 | D:10     | 8365 ||| Stepping randomly (stuck).
  8366 | D:10     | 8366 ||| Stepping randomly (stuck).
  8367 | D:10     | 8367 ||| Stepping randomly (stuck).
  8368 | D:10     | 8368 ||| Stepping randomly (stuck).
  8369 | D:10     | 8369 ||| Stepping randomly (stuck).
  8370 | D:10     | 8370 ||| Stepping randomly (stuck).
  8371 | D:10     | 8371 ||| Stepping randomly (stuck).
  8372 | D:10     | 8372 ||| Stepping randomly (stuck).
  8373 | D:10     | 8373 ||| Stepping randomly (stuck).
  8374 | D:10     | 8374 ||| Stepping randomly (stuck).
  8375 | D:10     | 8375 ||| Stepping randomly (stuck).
  8376 | D:10     | 8376 ||| Stepping randomly (stuck).
  8377 | D:10     | 8377 ||| Stepping randomly (stuck).
  8378 | D:10     | 8378 ||| Stepping randomly (stuck).
  8379 | D:10     | 8379 ||| Stepping randomly (stuck).
  8380 | D:10     | 8380 ||| Stepping randomly (stuck).
  8381 | D:10     | 8381 ||| Stepping randomly (stuck).
  8382 | D:10     | 8382 ||| Stepping randomly (stuck).
  8383 | D:10     | 8383 ||| Stepping randomly (stuck).
  8384 | D:10     | 8384 ||| Stepping randomly (stuck).
  8385 | D:10     | 8385 ||| Stepping randomly (stuck).
  8386 | D:10     | 8386 ||| Stepping randomly (stuck).
  8387 | D:10     | 8387 ||| Stepping randomly (stuck).
  8388 | D:10     | 8388 ||| Stepping randomly (stuck).
  8389 | D:10     | 8389 ||| Stepping randomly (stuck).
  8390 | D:10     | 8390 ||| Stepping randomly (stuck).
  8391 | D:10     | 8391 ||| Stepping randomly (stuck).
  8392 | D:10     | 8392 ||| Stepping randomly (stuck).
  8393 | D:10     | 8393 ||| Stepping randomly (stuck).
  8394 | D:10     | 8394 ||| Stepping randomly (stuck).
  8395 | D:10     | 8395 ||| Stepping randomly (stuck).
  8396 | D:10     | 8396 ||| Stepping randomly (stuck).
  8397 | D:10     | 8397 ||| Stepping randomly (stuck).
  8398 | D:10     | 8398 ||| Stepping randomly (stuck).
  8399 | D:10     | 8399 ||| Stepping randomly (stuck).
  8400 | D:10     | 8400 ||| Stepping randomly (stuck).
  8401 | D:10     | 8401 ||| Stepping randomly (stuck).
  8402 | D:10     | 8402 ||| Stepping randomly (stuck).
  8403 | D:10     | 8403 ||| Stepping randomly (stuck).
  8404 | D:10     | 8404 ||| Stepping randomly (stuck).
  8405 | D:10     | 8405 ||| Stepping randomly (stuck).
  8406 | D:10     | 8406 ||| Stepping randomly (stuck).
  8407 | D:10     | 8407 ||| Stepping randomly (stuck).
  8408 | D:10     | 8408 ||| Stepping randomly (stuck).
  8409 | D:10     | 8409 ||| Stepping randomly (stuck).
  8410 | D:10     | 8410 ||| Stepping randomly (stuck).
  8411 | D:10     | 8411 ||| Stepping randomly (stuck).
  8412 | D:10     | 8412 ||| Stepping randomly (stuck).
  8413 | D:10     | 8413 ||| Stepping randomly (stuck).
  8414 | D:10     | 8414 ||| Stepping randomly (stuck).
  8415 | D:10     | 8415 ||| Stepping randomly (stuck).
  8416 | D:10     | 8416 ||| Stepping randomly (stuck).
  8417 | D:10     | 8417 ||| Stepping randomly (stuck).
  8418 | D:10     | 8418 ||| Stepping randomly (stuck).
  8419 | D:10     | 8419 ||| Stepping randomly (stuck).
  8420 | D:10     | 8420 ||| Stepping randomly (stuck).
  8421 | D:10     | 8421 ||| Stepping randomly (stuck).
  8422 | D:10     | 8422 ||| Stepping randomly (stuck).
  8423 | D:10     | 8423 ||| Stepping randomly (stuck).
  8424 | D:10     | 8424 ||| Stepping randomly (stuck).
  8425 | D:10     | 8425 ||| Stepping randomly (stuck).
  8426 | D:10     | 8426 ||| Stepping randomly (stuck).
  8427 | D:10     | 8427 ||| Stepping randomly (stuck).
  8428 | D:10     | 8428 ||| Stepping randomly (stuck).
  8429 | D:10     | 8429 ||| Stepping randomly (stuck).
  8430 | D:10     | 8430 ||| Stepping randomly (stuck).
  8431 | D:10     | 8431 ||| Stepping randomly (stuck).
  8432 | D:10     | 8432 ||| Stepping randomly (stuck).
  8433 | D:10     | 8433 ||| Stepping randomly (stuck).
  8434 | D:10     | 8434 ||| Stepping randomly (stuck).
  8435 | D:10     | 8435 ||| Stepping randomly (stuck).
  8436 | D:10     | 8436 ||| Stepping randomly (stuck).
  8437 | D:10     | 8437 ||| Stepping randomly (stuck).
  8438 | D:10     | 8438 ||| Stepping randomly (stuck).
  8439 | D:10     | 8439 ||| Stepping randomly (stuck).
  8440 | D:10     | 8440 ||| Stepping randomly (stuck).
  8441 | D:10     | 8441 ||| Stepping randomly (stuck).
  8442 | D:10     | 8442 ||| Stepping randomly (stuck).
  8443 | D:10     | 8443 ||| Stepping randomly (stuck).
  8444 | D:10     | 8444 ||| Stepping randomly (stuck).
  8445 | D:10     | 8445 ||| Stepping randomly (stuck).
  8446 | D:10     | 8446 ||| Stepping randomly (stuck).
  8447 | D:10     | 8447 ||| Stepping randomly (stuck).
  8448 | D:10     | 8448 ||| Stepping randomly (stuck).
  8449 | D:10     | 8449 ||| Stepping randomly (stuck).
  8450 | D:10     | 8450 ||| Stepping randomly (stuck).
  8451 | D:10     | 8451 ||| Stepping randomly (stuck).
  8452 | D:10     | 8452 ||| Stepping randomly (stuck).
  8453 | D:10     | 8453 ||| Stepping randomly (stuck).
  8454 | D:10     | 8454 ||| Stepping randomly (stuck).
  8455 | D:10     | 8455 ||| Stepping randomly (stuck).
  8456 | D:10     | 8456 ||| Stepping randomly (stuck).
  8457 | D:10     | 8457 ||| Stepping randomly (stuck).
  8458 | D:10     | 8458 ||| Stepping randomly (stuck).
  8459 | D:10     | 8459 ||| Stepping randomly (stuck).
  8460 | D:10     | 8460 ||| Stepping randomly (stuck).
  8461 | D:10     | 8461 ||| Stepping randomly (stuck).
  8462 | D:10     | 8462 ||| Stepping randomly (stuck).
  8463 | D:10     | 8463 ||| Stepping randomly (stuck).
  8464 | D:10     | 8464 ||| Stepping randomly (stuck).
  8465 | D:10     | 8465 ||| Stepping randomly (stuck).
  8466 | D:10     | 8466 ||| Stepping randomly (stuck).
  8467 | D:10     | 8467 ||| Stepping randomly (stuck).
  8468 | D:10     | 8468 ||| Stepping randomly (stuck).
  8469 | D:10     | 8469 ||| Stepping randomly (stuck).
  8470 | D:10     | 8470 ||| Stepping randomly (stuck).
  8471 | D:10     | 8471 ||| Stepping randomly (stuck).
  8472 | D:10     | 8472 ||| Stepping randomly (stuck).
  8473 | D:10     | 8473 ||| Stepping randomly (stuck).
  8474 | D:10     | 8474 ||| Stepping randomly (stuck).
  8475 | D:10     | 8475 ||| Stepping randomly (stuck).
  8476 | D:10     | 8476 ||| Stepping randomly (stuck).
  8477 | D:10     | 8477 ||| Stepping randomly (stuck).
  8478 | D:10     | 8478 ||| Stepping randomly (stuck).
  8479 | D:10     | 8479 ||| Stepping randomly (stuck).
  8480 | D:10     | 8480 ||| Stepping randomly (stuck).
  8481 | D:10     | 8481 ||| Stepping randomly (stuck).
  8482 | D:10     | 8482 ||| Stepping randomly (stuck).
  8483 | D:10     | 8483 ||| Stepping randomly (stuck).
  8484 | D:10     | 8484 ||| Stepping randomly (stuck).
  8485 | D:10     | 8485 ||| Stepping randomly (stuck).
  8486 | D:10     | 8486 ||| Stepping randomly (stuck).
  8487 | D:10     | 8487 ||| Stepping randomly (stuck).
  8488 | D:10     | 8488 ||| Stepping randomly (stuck).
  8489 | D:10     | 8489 ||| Stepping randomly (stuck).
  8490 | D:10     | 8490 ||| Stepping randomly (stuck).
  8491 | D:10     | 8491 ||| Stepping randomly (stuck).
  8492 | D:10     | 8492 ||| Stepping randomly (stuck).
  8493 | D:10     | 8493 ||| Stepping randomly (stuck).
  8494 | D:10     | 8494 ||| Stepping randomly (stuck).
  8495 | D:10     | 8495 ||| Stepping randomly (stuck).
  8496 | D:10     | 8496 ||| Stepping randomly (stuck).
  8497 | D:10     | 8497 ||| Stepping randomly (stuck).
  8498 | D:10     | 8498 ||| Stepping randomly (stuck).
  8499 | D:10     | 8499 ||| Stepping randomly (stuck).
  8500 | D:10     | 8500 ||| Stepping randomly (stuck).
  8501 | D:10     | 8501 ||| Stepping randomly (stuck).
  8502 | D:10     | 8502 ||| Stepping randomly (stuck).
  8503 | D:10     | 8503 ||| Stepping randomly (stuck).
  8504 | D:10     | 8504 ||| Stepping randomly (stuck).
  8505 | D:10     | 8505 ||| Stepping randomly (stuck).
  8506 | D:10     | 8506 ||| Stepping randomly (stuck).
  8507 | D:10     | 8507 ||| Stepping randomly (stuck).
  8508 | D:10     | 8508 ||| Stepping randomly (stuck).
  8509 | D:10     | 8509 ||| Stepping randomly (stuck).
  8510 | D:10     | 8510 ||| Stepping randomly (stuck).
  8511 | D:10     | 8511 ||| Stepping randomly (stuck).
  8512 | D:10     | 8512 ||| Stepping randomly (stuck).
  8513 | D:10     | 8513 ||| Stepping randomly (stuck).
  8514 | D:10     | 8514 ||| Stepping randomly (stuck).
  8515 | D:10     | 8515 ||| Stepping randomly (stuck).
  8516 | D:10     | 8516 ||| Stepping randomly (stuck).
  8517 | D:10     | 8517 ||| Stepping randomly (stuck).
  8518 | D:10     | 8518 ||| Stepping randomly (stuck).
  8519 | D:10     | 8519 ||| Stepping randomly (stuck).
  8520 | D:10     | 8520 ||| Stepping randomly (stuck).
  8521 | D:10     | 8521 ||| Stepping randomly (stuck).
  8522 | D:10     | 8522 ||| Stepping randomly (stuck).
  8523 | D:10     | 8523 ||| Stepping randomly (stuck).
  8524 | D:10     | 8524 ||| Stepping randomly (stuck).
  8525 | D:10     | 8525 ||| Stepping randomly (stuck).
  8526 | D:10     | 8526 ||| Stepping randomly (stuck).
  8527 | D:10     | 8527 ||| Stepping randomly (stuck).
  8528 | D:10     | 8528 ||| Stepping randomly (stuck).
  8529 | D:10     | 8529 ||| Stepping randomly (stuck).
  8530 | D:10     | 8530 ||| Stepping randomly (stuck).
  8531 | D:10     | 8531 ||| Stepping randomly (stuck).
  8532 | D:10     | 8532 ||| Stepping randomly (stuck).
  8533 | D:10     | 8533 ||| Stepping randomly (stuck).
  8534 | D:10     | 8534 ||| Stepping randomly (stuck).
  8535 | D:10     | 8535 ||| Stepping randomly (stuck).
  8536 | D:10     | 8536 ||| Stepping randomly (stuck).
  8537 | D:10     | 8537 ||| Stepping randomly (stuck).
  8538 | D:10     | 8538 ||| Stepping randomly (stuck).
  8539 | D:10     | 8539 ||| Stepping randomly (stuck).
  8540 | D:10     | 8540 ||| Stepping randomly (stuck).
  8541 | D:10     | 8541 ||| Stepping randomly (stuck).
  8542 | D:10     | 8542 ||| Stepping randomly (stuck).
  8543 | D:10     | 8543 ||| Stepping randomly (stuck).
  8544 | D:10     | 8544 ||| Stepping randomly (stuck).
  8545 | D:10     | 8545 ||| Stepping randomly (stuck).
  8546 | D:10     | 8546 ||| Stepping randomly (stuck).
  8547 | D:10     | 8547 ||| Stepping randomly (stuck).
  8548 | D:10     | 8548 ||| Stepping randomly (stuck).
  8549 | D:10     | 8549 ||| Stepping randomly (stuck).
  8550 | D:10     | 8550 ||| Stepping randomly (stuck).
  8551 | D:10     | 8551 ||| Stepping randomly (stuck).
  8552 | D:10     | 8552 ||| Stepping randomly (stuck).
  8553 | D:10     | 8553 ||| Stepping randomly (stuck).
  8554 | D:10     | 8554 ||| Stepping randomly (stuck).
  8555 | D:10     | 8555 ||| Stepping randomly (stuck).
  8556 | D:10     | 8556 ||| Stepping randomly (stuck).
  8557 | D:10     | 8557 ||| Stepping randomly (stuck).
  8558 | D:10     | 8558 ||| Stepping randomly (stuck).
  8559 | D:10     | 8559 ||| Stepping randomly (stuck).
  8560 | D:10     | 8560 ||| Stepping randomly (stuck).
  8561 | D:10     | 8561 ||| Stepping randomly (stuck).
  8562 | D:10     | 8562 ||| Stepping randomly (stuck).
  8563 | D:10     | 8563 ||| Stepping randomly (stuck).
  8564 | D:10     | 8564 ||| Stepping randomly (stuck).
  8565 | D:10     | 8565 ||| Stepping randomly (stuck).
  8566 | D:10     | 8566 ||| Stepping randomly (stuck).
  8567 | D:10     | 8567 ||| Stepping randomly (stuck).
  8568 | D:10     | 8568 ||| Stepping randomly (stuck).
  8569 | D:10     | 8569 ||| Stepping randomly (stuck).
  8570 | D:10     | 8570 ||| Stepping randomly (stuck).
  8571 | D:10     | 8571 ||| Stepping randomly (stuck).
  8572 | D:10     | 8572 ||| Stepping randomly (stuck).
  8573 | D:10     | 8573 ||| Stepping randomly (stuck).
  8574 | D:10     | 8574 ||| Stepping randomly (stuck).
  8575 | D:10     | 8575 ||| Stepping randomly (stuck).
  8576 | D:10     | 8576 ||| Stepping randomly (stuck).
  8577 | D:10     | 8577 ||| Stepping randomly (stuck).
  8578 | D:10     | 8578 ||| Stepping randomly (stuck).
  8579 | D:10     | 8579 ||| Stepping randomly (stuck).
  8580 | D:10     | 8580 ||| Stepping randomly (stuck).
  8581 | D:10     | 8581 ||| Stepping randomly (stuck).
  8582 | D:10     | 8582 ||| Stepping randomly (stuck).
  8583 | D:10     | 8583 ||| Stepping randomly (stuck).
  8584 | D:10     | 8584 ||| Stepping randomly (stuck).
  8585 | D:10     | 8585 ||| Stepping randomly (stuck).
  8586 | D:10     | 8586 ||| Stepping randomly (stuck).
  8587 | D:10     | 8587 ||| Stepping randomly (stuck).
  8588 | D:10     | 8588 ||| Stepping randomly (stuck).
  8589 | D:10     | 8589 ||| Stepping randomly (stuck).
  8590 | D:10     | 8590 ||| Stepping randomly (stuck).
  8591 | D:10     | 8591 ||| Stepping randomly (stuck).
  8592 | D:10     | 8592 ||| Stepping randomly (stuck).
  8593 | D:10     | 8593 ||| Stepping randomly (stuck).
  8594 | D:10     | 8594 ||| Stepping randomly (stuck).
  8595 | D:10     | 8595 ||| Stepping randomly (stuck).
  8596 | D:10     | 8596 ||| Stepping randomly (stuck).
  8597 | D:10     | 8597 ||| Stepping randomly (stuck).
  8598 | D:10     | 8598 ||| Stepping randomly (stuck).
  8599 | D:10     | 8599 ||| Stepping randomly (stuck).
  8600 | D:10     | 8600 ||| Stepping randomly (stuck).
  8601 | D:10     | 8601 ||| Stepping randomly (stuck).
  8602 | D:10     | 8602 ||| Stepping randomly (stuck).
  8603 | D:10     | 8603 ||| Stepping randomly (stuck).
  8604 | D:10     | 8604 ||| Stepping randomly (stuck).
  8605 | D:10     | 8605 ||| Stepping randomly (stuck).
  8606 | D:10     | 8606 ||| Stepping randomly (stuck).
  8607 | D:10     | 8607 ||| Stepping randomly (stuck).
  8608 | D:10     | 8608 ||| Stepping randomly (stuck).
  8609 | D:10     | 8609 ||| Stepping randomly (stuck).
  8610 | D:10     | 8610 ||| Stepping randomly (stuck).
  8611 | D:10     | 8611 ||| Stepping randomly (stuck).
  8612 | D:10     | 8612 ||| Stepping randomly (stuck).
  8613 | D:10     | 8613 ||| Stepping randomly (stuck).
  8614 | D:10     | 8614 ||| Stepping randomly (stuck).
  8615 | D:10     | 8615 ||| Stepping randomly (stuck).
  8616 | D:10     | 8616 ||| Stepping randomly (stuck).
  8617 | D:10     | 8617 ||| Stepping randomly (stuck).
  8618 | D:10     | 8618 ||| Stepping randomly (stuck).
  8619 | D:10     | 8619 ||| Stepping randomly (stuck).
  8620 | D:10     | 8620 ||| Stepping randomly (stuck).
  8621 | D:10     | 8621 ||| Stepping randomly (stuck).
  8622 | D:10     | 8622 ||| Stepping randomly (stuck).
  8623 | D:10     | 8623 ||| Stepping randomly (stuck).
  8624 | D:10     | 8624 ||| Stepping randomly (stuck).
  8625 | D:10     | 8625 ||| Stepping randomly (stuck).
  8626 | D:10     | 8626 ||| Stepping randomly (stuck).
  8627 | D:10     | 8627 ||| Stepping randomly (stuck).
  8628 | D:10     | Quit the game

Levels and vault maps discovered:
D:1:      erik_arrival_cave_to_civilisation [erik_arrival_cave_to_hall],
          layout_basic, shapermc_ecumenical_altar_rom_forum
D:2:      layout_rooms, serial_shops, nicolae_shop_window_shopping,
          chequers_mini_garden
D:3:      layout_loops_cross
D:4:      layout_layer_cave, nicolae_qazlal_eye_of_the_storm,
          minmay_overflow_temple_star_quad, minmay_temple_entry_overgrown,
          minivault_14
D:5:      layout_cave_pods, serial_shops, nicolae_shop_bloodbath_and_beyond,
          chequers_serial_rivers_micro_e, uniq_menkaure
D:6:      layout_rooms, gammafunk_ghost_arena
D:7:      layout_gridville, mainiacjoe_overflow_concentric_impassable,
          minmay_crystal_room, kennysheep_generic_room_4, uniq_joseph
D:8:      layout_basic
D:9:      layout_basic, mainiacjoe_overflow_chevrons,
          regret_index_temple_of_mockery, kiku_gazebo_pond_becter, uniq_harold,
          uniq_erolcha
D:10:     layout_roguey, trog_ov_bears_minmay, erik_lair_island

Skill      XL: |  1  2  3  4  5  6  7  8  9 10 |
---------------+-------------------------------+-----
Unarmed Combat | 4 5 6 8 9 10 12 | 12.5
Fighting       | 3 4 5 |  5.1
Throwing       | 1 |  1.4
Dodging        | 1 |  1.1
Armour         | 1 |  1.3
Shields        | 3 9 |  9.0
Spellcasting   | |  1.0
Fire Magic     | |  2.1

Action                   |  1- 3 |  4- 6 |  7- 9 | 10-12 || total
-------------------------+-------+-------+-------+-------++-------
Melee: Unarmed           |    91 |    98 |   225 |    60 ||   474
       Punch             |     1 |     1 |     9 |       ||    11
Throw: Boomerang         |       |       |    45 |    12 ||    57
Invok: Fiery Armour      |       |     2 |     8 |     2 ||    12
  Use: Scroll            |     3 |     5 |     9 |     4 ||    21
       Potion            |     1 |     1 |     1 |       ||     3
Armor: Robe              |    25 |    11 |       |       ||    36
       Troll leather arm |       |    14 |   102 |    10 ||   126
       Acid dragon scale |       |       |       |     3 ||     3
Dodge: Dodged            |    34 |    31 |    97 |    13 ||   175
Block: Kite shield       |       |       |     2 |    22 ||    24

Table legend:
 A = Non-vault XP
 B = Vault XP
 C = Vault XP percentage of total XP
 D = Non-vault monster count
 E = Vault monster count
 F = Vault count percentage of total count
                 A         B        C        D         E       F
            +---------+---------+-------+---------+---------+-------
      Total |    7468 |    3116 |  29.4 |     171 |       9 |   5.0
            +---------+---------+-------+---------+---------+-------
        D:1 |      52 |       6 |  10.3 |      26 |       2 |   7.1
        D:2 |      60 |       0 |   0.0 |      14 |       0 |   0.0
        D:3 |     201 |       0 |   0.0 |      17 |       0 |   0.0
        D:4 |     442 |       0 |   0.0 |      24 |       0 |   0.0
        D:5 |     445 |     175 |  28.2 |      14 |       1 |   6.7
        D:6 |     652 |       0 |   0.0 |      12 |       0 |   0.0
        D:7 |     585 |     593 |  50.3 |      19 |       2 |   9.5
        D:8 |    1900 |       0 |   0.0 |      21 |       0 |   0.0
        D:9 |    2954 |    1752 |  37.2 |      21 |       2 |   8.7
       D:10 |     177 |     590 |  76.9 |       3 |       2 |  40.0
            +---------+---------+-------+---------+---------+-------
